Workbook
Name __xlnm.Print_Area_1: #REF!
Name __xlnm.Print_Area_1: #REF!
Name __xlnm.Print_Area_12: #REF!
Name __xlnm.Print_Area_12: #REF!
Name __xlnm.Print_Area_14: #REF!
Name __xlnm.Print_Area_14: #REF!
Name __xlnm.Print_Area_16: #REF!
Name __xlnm.Print_Area_16: #REF!
Name __xlnm.Print_Area_20: #REF!
Name __xlnm.Print_Area_20: #REF!
Name __xlnm.Print_Area_21: #REF!
Name __xlnm.Print_Area_21: #REF!
Name __xlnm.Print_Area_22: #REF!
Name __xlnm.Print_Area_22: #REF!
Name __xlnm.Print_Area_23: #REF!
Name __xlnm.Print_Area_23: #REF!
Name __xlnm.Print_Area_24: #REF!
Name __xlnm.Print_Area_24: #REF!
Name __xlnm.Print_Area_6: #REF!
Name __xlnm.Print_Area_6: #REF!
Name __xlnm.Print_Area_8: #REF!
Name __xlnm.Print_Area_8: #REF!
Name __xlnm.Print_Titles_10: #REF!
Name __xlnm.Print_Titles_10: #REF!
Name __xlnm.Print_Titles_22: #REF!
Name __xlnm.Print_Titles_22: #REF!
Name __xlnm.Print_Titles_6: #REF!
Name __xlnm.Print_Titles_6: #REF!
Name __xlnm.Print_Titles_7: #REF!
Name __xlnm.Print_Titles_7: #REF!
Name cc: "#REF!"
Name cc_1: "#REF!"
Name cc_10: "#REF!"
Name cc_11: "#REF!"
Name cc_12: "#REF!"
Name cc_14: "#REF!"
Name cc_15: "#REF!"
Name cc_16: "#REF!"
Name cc_17: "#REF!"
Name cc_19: "#REF!"
Name cc_21: "#REF!"
Name cc_24: "#REF!"
Name cc_5: "#REF!"
Name cc_6: "#REF!"
Name cc_7: "#REF!"
Name cc_9: "#REF!"
Name CD: #REF!
Name CD: #REF!
Name CS: #REF!
Name CS: #REF!
Name HHHHHH: #REF!
Name new: "#REF!"
Name new_10: "#REF!"
Name new_11: "#REF!"
Name new_15: "#REF!"
Name new_16: "#REF!"
Name new_17: "#REF!"
Name new_19: "#REF!"
Name new_21: "#REF!"
Name new_24: "#REF!"

Sheet Intro
A1: 0. Introduction
A3: Q no | B3: Question | C3: Options | D3: Code
B5: Hello, my name is [name enumerator/operator]. I am working on behalf of the World Bank.We have randomly selected your household for this interview. The purpose of this interview is to learn about the welfare of your household and this village. Your participation in this survey is voluntary. All your answers will remain confidential. The interview will take maximum 20-25 minutes of your time. Could you please spare some time for the interview?
B6: Do you have any questions about the survey? ENUMERATOR: ANSWER ANY QUESTIONS THEY MAY HAVE
B7: Do you agree to be interviewed? | C7: Not agreed | D7: 0
C8: Agree | D8: 1
A11: Note | B11: This questionnaire must be implemented with an adult household member

Sheet Module B1 - Basic info
A1: Module B - Basic Info
B2: B1 | C2: B1 | D2: B2 | E2: B3 | F2: B4 | G2: B5 | H2: B6 | I2: B7 | J2: B8 | K2: B9 | L2: B10 | M2: B11 | N2: B12 | O2: B13 | Q2: B14 | S2: B15 | U2: B16 | W2: B17 | X2: B18 | Z2: B19 | AA2: B20 | AB2: B21 | AC2: B22 | AD2: B23
B3: What is your name? | C3: How old are you? CONTINUE INTERVIEW ONLY IF THE RESPONDENT IS 18 YEARS OR OLDER Put in complete years | D3: Is respondent a man or a woman? (record without asking) Confirm if unsure. | E3: Do you live in an urban or rural area? | F3: Which state do you live in? | G3: Which county do you live in? LIST TO BE POPULATED BASED ON THE COUNTIES IN THE GIVEN STATE. BASED ON THE FIRST TWO DIGITS. | H3: Which payam do you live in? LIST TO BE POPULATED BASED ON THE COUNTIES IN THE GIVEN STATE AND COUNTY. BASED ON THE FIRST FOUR DIGITS. | I3: What is the primary language spoken in your household? | J3: What is your relationship to the head of household? | K3: Is the head of the household male or female? | L3: Can the head of the household (or YOU if B8=1) read and write in any language? | M3: ="What is the highest level of education of the household head? "&"ASK IF "& J2&" IS NOT = 1" -> What is the highest level of education of the household head? ASK IF B8 IS NOT = 1 | N3: What is the highest level of education you have completed? | O3: How many members have been living in the household for at least the past 3 months, including yourself? [A household is defined by all the people who sleep under the same roof and share meals/expenses together for at least 15 days a month.] | Q3: Of your household members, how many are 18 years old and older including yourself ? | S3: Of your household members, how many are children less than 15 years old? | U3: Of your household members, how many are children less than 6 years old? | W3: How long have you been continuously living county? | X3: before you moved here, in which and County did you live in? | Z3: In the past 12 months, How many members of your household have been forced to leave their usual place of residence? [Provide option for "all household members"] | AA3: What was the main reason for displacement? [Select main reason] | AB3: Have you and your family moved homes at any point since the 2018 peace agreement? | AC3: ="What was the main reason for the most recent displacement? [Select main reason] " &AB2&" = 1 OR 2" -> What was the main reason for the most recent displacement? [Select main reason] B21 = 1 OR 2 | AD3: Has your household returned to your original district since most recent move?
D4: 1: Man | E4: 1: Urban | F4: 71: Upper Nile | G4: 7101: Renk | H4: 710101: Chemmedi | I4: 1- English | J4: ="1: Head ---> "&L2 -> 1: Head ---> B10 | K4: 1: Man | M4: 1: Never attended school | N4: 1: Never attended school | O4: Men | P4: Women | Q4: Men | R4: Women | S4: Boys | T4: Girls | U4: Boys | V4: Girls | W4: Year /__/__/ | X4: B18a- STATE | Y4: B18b -COUNTY | Z4: Number of people /__/__/ | AA4: 1: Floods | AB4: 1: Yes, moved once | AC4: 1: Floods | AD4: 1- Yes
D5: 2: Woman | E5: 2: Rural | F5: 72: Jonglei | G5: 7102: Manyo | H5: 710102: Geger | I5: 2- Arabic | J5: 2: Spouse | K5: 2: Woman | M5: 2: Primary incomplete | N5: 2: Primary incomplete | O5: /__/__/ | P5: /__/__/ | Q5: /__/__/ | R5: /__/__/ | S5: /__/__/ | T5: /__/__/ | U5: /__/__/ | V5: /__/__/ | W5: ="Always/Since birth…...... 95"& " IF 95 SKIP TO " &Z2 -> Always/Since birth…...... 95 IF 95 SKIP TO B19 | X5: 71: Upper Nile | Y5: 7101: Renk | Z5: All of us…...... 95 | AA5: 2: Conflict/violence | AB5: 2: Yes, moved multiple times | AC5: 2: Conflict/violence | AD5: 2- No
F6: 73: Unity | G6: 7103: Fashoda | H6: 710103: Jalhak | I6: 3- Juba Arabic | J6: 3: Son or Daughter of hoousehold head | M6: 3: Primary complete | N6: 3: Primary complete | X6: 72: Jonglei | Y6: 7102: Manyo | AA6: 3: Drought | AB6: 3: No, stayed in the same home | AC6: 3: Drought
F7: 81: Warrap | G7: 7104: Melut | H7: 710104: North Renk | I7: 4- Dinka | J7: 4: Grandchild | M7: 4: Intermediate complete | N7: 4: Intermediate complete | X7: 73: Unity | Y7: 7103: Fashoda | AA7: 4: Other natural disaster | AB7: 4: Don't know/Can't remember | AC7: 4: Other natural disaster
F8: 82: Northern Bahr El Ghazal | G8: 7105: Maban | H8: 710105: South Renk | I8: 5- Nuer | J8: 5: Brother/Sister | M8: 5: Secondary complete | N8: 5: Secondary complete | X8: 81: Warrap | Y8: 7104: Melut | AA8: 5: Economic reasons | AC8: 5: Economic reasons
F9: 83: Western Bahr El Ghazal | G9: 7106: Maiwut | H9: 710201: Adhidwoi | I9: 6- Shilluk | J9: 6: Niece/Nephew | M9: 6: Bachelor's degree completed or higher | N9: 6: Bachelor's degree completed or higher | X9: 82: Northern Bahr El Ghazal | Y9: 7105: Maban | AA9: =" -96: Other (specify)" -> -96: Other (specify) | AC9: -96: Other (specify)
F10: 84: Lakes | G10: 7107: Luakpiny/Nasir | H10: 710202: Kaka | I10: 7- Bari | J10: 7: Brother/Sister-In-Law | M10: 7: Kalwa | N10: 7: Kalwa | X10: 83: Western Bahr El Ghazal | Y10: 7106: Maiwut
F11: 91: Western Equatoria | G11: 7108: Longochuk | H11: 710203: Magenist | I11: 8- Zande | J11: 8: Parent | M11: ="-96:Other (specify)" -> -96:Other (specify) | N11: ="-96:Other (specify)" -> -96:Other (specify) | X11: 84: Lakes | Y11: 7107: Luakpiny/Nasir
F12: 92: Central Equatoria | G12: 7109: Ulang | H12: 710204: Wedakona | I12: 9- Other (Specify) | J12: 9: Parent-In-Law | X12: 91: Western Equatoria | Y12: 7108: Longochuk
F13: 93: Eastern Equatoria | G13: 7110: Baliet | H13: 710301: Dethok | J13: 10: Son-In-Law/Daughter-In-Law | X13: 92: Central Equatoria | Y13: 7109: Ulang
F14: -98: Don't know | G14: 7111: Malakal | H14: 710302: Kodok | J14: 11: Domestic Help (Resident) | X14: 93: Eastern Equatoria | Y14: 7110: Baliet
F15: -99: Refused to respond | G15: 7112: Panyikang | H15: 710303: Kodok Town | J15: 12: Other Relation | X15: Outside Sudan | Y15: 7111: Malakal
G16: 7201: Fangak | H16: 710304: Lul | J16: 13: Other Non-Relation | X16: 95- Sudan | Y16: 7112: Panyikang
G17: 7202: Khorflus | H17: 710401: Bimachuk | X17: 96- Uganda | Y17: 7201: Fangak
G18: 7203: Ayod | H18: 710402: Galdora | X18: 97- Kenya | Y18: 7202: Khorflus
G19: 7204: Duk | H19: 710403: Melut | X19: 99 - Other country | Y19: 7203: Ayod
G20: 7205: Uror | H20: 710404: Paloch | Y20: 7204: Duk
G21: 7206: Nyirol | H21: 710405: Panomdit | X21: 998: Don't know | Y21: 7205: Uror
G22: 7207: Akobo | H22: 710406: Wunamum | X22: 999: Refused to respond | Y22: 7206: Nyirol
G23: 7208: Pochalla | H23: 710501: Banashowa | Y23: 7207: Akobo
G24: 7209: Pibor | H24: 710502: Boung | Y24: 7208: Pochalla
G25: 7210: Twic East | H25: 710503: Jinkuta | Y25: 7209: Pibor
G26: 7211: Bor South | H26: 710504: Jinmakda | Y26: 7210: Twic East
G27: 7301: Pariang | H27: 710505: Khor El Amer | Y27: 7211: Bor South
G28: 7302: Abiemnhom | H28: 710601: Jekow | Y28: 7301: Pariang
G29: 7303: Mayom | H29: 710602: Jotoma | Y29: 7302: Abiemnhom
G30: 7304: Rubkona | H30: 710603: Kigila | Y30: 7303: Mayom
G31: 7305: Guit | H31: 710604: Maiwut | Y31: 7304: Rubkona
G32: 7306: Koch | H32: 710605: Olang | Y32: 7305: Guit
G33: 7307: Leer | H33: 710606: Pagak | Y33: 7306: Koch
G34: 7308: Mayendit | H34: 710701: Dingkar | Y34: 7307: Leer
... G60: 9102: Nagero | H60: 711009: Rom | Y60: 9101: Tambura
G61: 9103: Nzara | H61: 711010: Wunthow | K61: 55 | L61: Awerial | Y61: 9102: Nagero
G62: 9104: Ezo | H62: 711101: Central Malakal | K62: 56 | L62: Tambura | Y62: 9103: Nzara
G63: 9105: Yambio | H63: 711102: Eastern Malakal | K63: 57 | L63: Nagero | Y63: 9104: Ezo
G64: 9106: Ibba | H64: 711103: Lelo | K64: 58 | L64: Nzara | Y64: 9105: Yambio
G65: 9107: Maridi | H65: 711104: Northern Malakal | K65: 59 | L65: Ezo | Y65: 9106: Ibba
G66: 9108: Mvolo | H66: 711105: Ogot | K66: 60 | L66: Yambio | Y66: 9107: Maridi
G67: 9109: Mundri West | H67: 711106: Southern Malakal | K67: 61 | L67: Ibba | Y67: 9108: Mvolo
G68: 9110: Mundri East | H68: 711201: Anakdiar | Y68: 9109: Mundri West
G69: 9201: Terekeka | H69: 711202: Dheteim | Y69: 9110: Mundri East
G70: 9202: Juba | H70: 711203: Pakang | Y70: 9201: Terekeka
G71: 9203: Lainya | H71: 711204: Panyidwoi | Y71: 9202: Juba
G72: 9204: Yei | H72: 711205: Panyikang | Y72: 9203: Lainya
G73: 9205: Morobo | H73: 711206: Tonga | Y73: 9204: Yei
G74: 9206: Kajo-Keji | H74: 720101: Manajang | Y74: 9205: Morobo
G75: 9301: Torit | H75: 720102: Mareang | Y75: 9206: Kajo-Keji
G76: 9302: Lafon/Lopa | H76: 720103: Old Fangak | Y76: 9301: Torit
G77: 9303: Kapoeta North | H77: 720104: Paguer | Y77: 9302: Lafon/Lopa
G78: 9304: Kapoeta East | H78: 720105: Phom | Y78: 9303: Kapoeta North
G79: 9305: Kapoeta South | H79: 720201: Alam | Y79: 9304: Kapoeta East
... G82: 9308: Magwi | H82: 720204: Kadak | Y82: 9307: Ikotos
H83: 720205: Korwai | Y83: 9308: Magwi
H84: 720206: Mareng
H85: 720207: Nyainthokmalual
H86: 720208: Wuonlam
H87: 720301: Ayod
H88: 720302: Korwai
H89: 720303: Kuach-deng
H90: 720304: Mogok
H91: 720305: Pagiel
H92: 720306: Pajiek
H93: 720307: Wau
H94: 720401: Ageer
H95: 720402: Dongchak
... H364: 840706: Yali
H365: 840801: Abuyong | I365: =LEFT(H365,4) -> 8408 | J365: Awerial | K365: =_xlfn.XLOOKUP(J365,$L$61:$L$67,$K$61:$K$67,"") -> 55
H366: 840802: Bun-agok | I366: =LEFT(H366,4) -> 8408 | J366: Awerial | K366: =_xlfn.XLOOKUP(J366,$L$61:$L$67,$K$61:$K$67,"") -> 55
H367: 840803: Dor | I367: =LEFT(H367,4) -> 8408 | J367: Awerial | K367: =_xlfn.XLOOKUP(J367,$L$61:$L$67,$K$61:$K$67,"") -> 55
H368: 840804: Magok | I368: =LEFT(H368,4) -> 8408 | J368: Awerial | K368: =_xlfn.XLOOKUP(J368,$L$61:$L$67,$K$61:$K$67,"") -> 55
H369: 840805: Nile | I369: =LEFT(H369,4) -> 8408 | J369: Awerial | K369: =_xlfn.XLOOKUP(J369,$L$61:$L$67,$K$61:$K$67,"") -> 55
H370: 840806: Puluk | I370: =LEFT(H370,4) -> 8408 | J370: Awerial | K370: =_xlfn.XLOOKUP(J370,$L$61:$L$67,$K$61:$K$67,"") -> 55
H371: 840807: Alel one | I371: =LEFT(H371,4) -> 8408 | J371: Awerial | K371: =_xlfn.XLOOKUP(J371,$L$61:$L$67,$K$61:$K$67,"") -> 55
H372: 840808: Alel two | I372: =LEFT(H372,4) -> 8408 | J372: Awerial | K372: =_xlfn.XLOOKUP(J372,$L$61:$L$67,$K$61:$K$67,"") -> 55
H373: 910101: Mupoi | I373: =LEFT(H373,4) -> 9101 | J373: Tambura | K373: =_xlfn.XLOOKUP(J373,$L$61:$L$67,$K$61:$K$67,"") -> 56
H374: 910102: Namutina | I374: =LEFT(H374,4) -> 9101 | J374: Tambura | K374: =_xlfn.XLOOKUP(J374,$L$61:$L$67,$K$61:$K$67,"") -> 56
H375: 910103: Source Yubu | I375: =LEFT(H375,4) -> 9101 | J375: Tambura | K375: =_xlfn.XLOOKUP(J375,$L$61:$L$67,$K$61:$K$67,"") -> 56
H376: 910104: Tambura | I376: =LEFT(H376,4) -> 9101 | J376: Tambura | K376: =_xlfn.XLOOKUP(J376,$L$61:$L$67,$K$61:$K$67,"") -> 56
... H380: 910303: Ringasi | I380: =LEFT(H380,4) -> 9103 | J380: Nzara | K380: =_xlfn.XLOOKUP(J380,$L$61:$L$67,$K$61:$K$67,"") -> 58
E381: 8408: Awerial | F381: {=_xlfn.TEXTSPLIT(E381,":")} -> 8408 | G381: Awerial | H381: 910304: Sakure | I381: =LEFT(H381,4) -> 9103 | J381: Nzara | K381: =_xlfn.XLOOKUP(J381,$L$61:$L$67,$K$61:$K$67,"") -> 58
E382: 9101: Tambura | F382: {=_xlfn.TEXTSPLIT(E382,":")} -> 9101 | G382: Tambura | H382: 910305: Sangua | I382: =LEFT(H382,4) -> 9103 | J382: Nzara | K382: =_xlfn.XLOOKUP(J382,$L$61:$L$67,$K$61:$K$67,"") -> 58
E383: 9102: Nagero | F383: {=_xlfn.TEXTSPLIT(E383,":")} -> 9102 | G383: Nagero | H383: 910401: Andari | I383: =LEFT(H383,4) -> 9104 | J383: Ezo | K383: =_xlfn.XLOOKUP(J383,$L$61:$L$67,$K$61:$K$67,"") -> 59
E384: 9103: Nzara | F384: {=_xlfn.TEXTSPLIT(E384,":")} -> 9103 | G384: Nzara | H384: 910402: Bagidi | I384: =LEFT(H384,4) -> 9104 | J384: Ezo | K384: =_xlfn.XLOOKUP(J384,$L$61:$L$67,$K$61:$K$67,"") -> 59
E385: 9104: Ezo | F385: {=_xlfn.TEXTSPLIT(E385,":")} -> 9104 | G385: Ezo | H385: 910403: Bariguna | I385: =LEFT(H385,4) -> 9104 | J385: Ezo | K385: =_xlfn.XLOOKUP(J385,$L$61:$L$67,$K$61:$K$67,"") -> 59
E386: 9105: Yambio | F386: {=_xlfn.TEXTSPLIT(E386,":")} -> 9105 | G386: Yambio | H386: 910404: Ezo Centre | I386: =LEFT(H386,4) -> 9104 | J386: Ezo | K386: =_xlfn.XLOOKUP(J386,$L$61:$L$67,$K$61:$K$67,"") -> 59
E387: 9106: Ibba | F387: {=_xlfn.TEXTSPLIT(E387,":")} -> 9106 | G387: Ibba | H387: 910405: Naandi | I387: =LEFT(H387,4) -> 9104 | J387: Ezo | K387: =_xlfn.XLOOKUP(J387,$L$61:$L$67,$K$61:$K$67,"") -> 59
E388: 9107: Maridi | F388: {=_xlfn.TEXTSPLIT(E388,":")} -> 9107 | G388: Maridi | H388: 910406: Yangiri | I388: =LEFT(H388,4) -> 9104 | J388: Ezo | K388: =_xlfn.XLOOKUP(J388,$L$61:$L$67,$K$61:$K$67,"") -> 59
E389: 9108: Mvolo | F389: {=_xlfn.TEXTSPLIT(E389,":")} -> 9108 | G389: Mvolo | H389: 910501: Bangasu | I389: =LEFT(H389,4) -> 9105 | J389: Yambio | K389: =_xlfn.XLOOKUP(J389,$L$61:$L$67,$K$61:$K$67,"") -> 60
E390: 9109: Mundri West | F390: {=_xlfn.TEXTSPLIT(E390,":")} -> 9109 | G390: Mundri West | H390: 910502: Gangura | I390: =LEFT(H390,4) -> 9105 | J390: Yambio | K390: =_xlfn.XLOOKUP(J390,$L$61:$L$67,$K$61:$K$67,"") -> 60
E391: 9110: Mundri East | F391: {=_xlfn.TEXTSPLIT(E391,":")} -> 9110 | G391: Mundri East | H391: 910503: Li_Rangu | I391: =LEFT(H391,4) -> 9105 | J391: Yambio | K391: =_xlfn.XLOOKUP(J391,$L$61:$L$67,$K$61:$K$67,"") -> 60
H392: 910504: Nadiangere | I392: =LEFT(H392,4) -> 9105 | J392: Yambio | K392: =_xlfn.XLOOKUP(J392,$L$61:$L$67,$K$61:$K$67,"") -> 60
H393: 910505: Yambio Town | I393: =LEFT(H393,4) -> 9105 | J393: Yambio | K393: =_xlfn.XLOOKUP(J393,$L$61:$L$67,$K$61:$K$67,"") -> 60
H394: 910601: Ibba Centre | I394: =LEFT(H394,4) -> 9106 | J394: Ibba | K394: =_xlfn.XLOOKUP(J394,$L$61:$L$67,$K$61:$K$67,"") -> 61
H395: 910602: Madebe | I395: =LEFT(H395,4) -> 9106 | J395: Ibba | K395: =_xlfn.XLOOKUP(J395,$L$61:$L$67,$K$61:$K$67,"") -> 61
H396: 910603: Manikakara | I396: =LEFT(H396,4) -> 9106 | J396: Ibba | K396: =_xlfn.XLOOKUP(J396,$L$61:$L$67,$K$61:$K$67,"") -> 61
H397: 910604: Maruko | I397: =LEFT(H397,4) -> 9106 | J397: Ibba | K397: =_xlfn.XLOOKUP(J397,$L$61:$L$67,$K$61:$K$67,"") -> 61
H398: 910605: Nabanga | I398: =LEFT(H398,4) -> 9106 | J398: Ibba | K398: =_xlfn.XLOOKUP(J398,$L$61:$L$67,$K$61:$K$67,"") -> 61
...

Sheet Module B2 - Education
B1: B2. Household Education module | G1: =COUNT(B6:B62) -> 13
B3: Q no | C3: Question | D3: Options | E3: Code
B6: 1 | C6: How many boys in the household are now between 6-13? | D6: /__/__/
B8: =B6+1 -> 2 | C8: How many boys between 6-13 in the household are currently enrolled in primary school? | D8: /__/__/ | F8: =CONCATENATE("Ask if B2_",B6,">0") -> Ask if B2_1>0
B10: =B8+1 -> 3 | C10: How many girls in the household are between 6-13? | D10: /__/__/
B12: =B10+1 -> 4 | C12: How many girls between 6-13 in the household are currently enrolled in primary school? | D12: /__/__/ | F12: =CONCATENATE("Ask if B2_",B10,">0") -> Ask if B2_3>0
B14: =B12+1 -> 5 | C14: How many boys in the household are now between 14-18? | D14: /__/__/
B16: =B14+1 -> 6 | C16: How many boys between 14-18 in the household are currently enrolled in secondary school? | D16: /__/__/ | F16: =CONCATENATE("Ask if B2_",B14,">0") -> Ask if B2_5>0
B18: =B16+1 -> 7 | C18: How many girls in the household are now between 14-18? | D18: /__/__/
B20: =B18+1 -> 8 | C20: How many girls between 14-18 in the household are currently enrolled in secondary school? | D20: /__/__/ | F20: =CONCATENATE("Ask if B2_",B18,">0") -> Ask if B2_7>0
B22: =B20+1 -> 9 | C22: What type of school do the children who are enrolled attend? (Select all that apply) | E22: 0- No; 1- Yes
A23: Ask if some kids are currently enrolled in school | D23: Government/ Public | E23: /__/ | F23: =CONCATENATE("Filter based on B2_",B8,"; ",B12,"; B2_",B16,"; B2_",B20) -> Filter based on B2_2; 4; B2_6; B2_8
D24: Private religious/Faith-based | E24: /__/
D25: Private non-religious | E25: /__/
D26: Community school | E26: /__/
D27: Other (specify) | E27: /__/
A28: Ask if some kids are currently attending school | B28: =B22+1 -> 10 | C28: Approximately, how many days per week did these kids attend classes during the 2024/25 school year? [Specify if multiple answers]
D29: Girls in primary | E29: /__/ | F29: =CONCATENATE("Filter based on B2_",B8,"; ",B12,"; B2_",B16,"; B2_",B20) -> Filter based on B2_2; 4; B2_6; B2_8
D30: Boys in primary | E30: /__/
D31: Girls in secondary | E31: /__/
D32: Boys in secondary | E32: /__/
A33: Ask if some school ages girls or boys are not attending school | B33: =B28+1 -> 11 | C33: Please list the main reasons why some or all children in your household are not enrolled in school. (DO NOT READ THE OPTIONS BELOW ALOUD. AFTER LISTING, SELECT ALL REASONS THAT APPLY.) | E33: 0- No; 1- Yes
D34: School fees/costs are too high | E34: /__/ | F34: =CONCATENATE("Filter based on B2_",B8,"; ",B12,"; B2_",B16,"; B2_",B20) -> Filter based on B2_2; 4; B2_6; B2_8
D35: School is too far/no transport available | E35: /__/
D36: No school available in the area | E36: /__/
D37: Security concerns (conflict, violence, etc.) | E37: /__/
D38: Need to work/help at home | E38: /__/
D39: Health reasons/disability | E39: /__/
D40: School does not provide useful skills or good quality education | E40: /__/
D41: Education does not lead to better job opportunities | E41: /__/
D42: Early marriage or pregnancy (for girls) | E42: /__/
D43: Girls are expected to stay home for domestic duties | E43: /__/
D44: Concerns over safety/harassment of girls on the way to school or at school | E44: /__/
D45: Boys are expected to work to support the family | E45: /__/
D46: Other (please specify) | E46: /__/
A47: Ask if some school ages girls are not attending school | B47: =B33+1 -> 12 | C47: If any school-aged girls (6-13) are not currently enrolled, what activities are they engaged in?
D48: 1- Cooking
D49: 2- Cleaning
D50: 3- Taking care of younger siblings
D51: 4- Selling goods in markets | E51: /__/
D52: 5- Agricultural activities
D53: 6- Child marriage
D54: 7- Other (Specify)
A56: Ask if some school ages boys are not attending school | B56: =B47+1 -> 13 | C56: If any school-aged boys (6-13) are not currently enrolled, what activities are they engaged in?
D57: 1- Herding work
D58: 2- Agricultural activities
D59: 3- Selling goods in the street
D60: 4- Engaged in armed groups | E60: /__/
D61: 5- Other (Specify)

Sheet Module B - Basic Info long
A1: Section B: Household Roster
A2: B1 | B2: B2 | C2: B3 | D2: B4 | E2: B5 | F2: B6 | G2: B7 | H2: B8 | I2: B9 | J2: B10 | K2: B11 | L2: B12 | M2: B13 | N2: B14 | O2: B15 | P2: B16 | Q2: B17 | R2: B18 | S2: B17_specify | T2: B19 | U2: B20 | V2: B19_specify | X2: B20 | Y2: B21 | Z2: B22 | AA2: B23 | AB2: B24 | AC2: B25 | AD2: B26 | AE2: B27 | AF2: B28 | AG2: B29 | AH2: B30 | AI2: B31 | AJ2: B32 | AK2: B33 | AL2: B34 | AM2: B35 | AN2: B36 | AO2: B37 | AP2: B38 | AQ2: B39 | AR2: B40
A3: Please list all household members. Provide full names, including suffixes, nicknames or other details needed to differentiate members. Household members are {INSERT COUNTRY HOUSEHOLD DEFINITION HERE} | B3: What is [NAME]'s sex? | C3: What is [NAME]’s relationship to the head of household? | D3: Which state do you live in? | E3: Which county do you live in? LIST TO BE POPULATED BASED ON THE COUNTIES IN THE GIVEN STATE | F3: Which payam do you live in? LIST TO BE POPULATED BASED ON THE COUNTIES IN THE GIVEN STATE AND COUNTY | G3: In the last 12 months (since MONTH/YEAR), for how many months was [NAME] away from this household? | H3: Did [NAME] live with most of the household members and shared meals with them before the floods in 2024? | I3: Did [NAME] join this household because [NAME] was forced to leave the usual place of residence due to the 2024 floods? | J3: Where did [NAME] live before joining this household? | K3: What is [NAME]'s date of birth? IF DON'T KNOW DAY OR MONTH, RECORD 99. | L3: How old is [NAME] (in completed years)? IF 5 YEARS AND OVER, RECORD YEARS ONLY. IF LESS THAN 5 YEARS IN AGE, RECORD YEARS AND MONTHS. | M3: What is [NAME]'s present marital status? | N3: At what age did [NAME] get married or start living with the first spouse or partner? | O3: Where was [NAME] born? | P3: Please specify the place of birth | Q3: In which state in South Sudan was [NAME] born? | R3: Which tribe does [NAME] belong to? | S3: Please specify the tribe [NAME] belongs to | T3: Does [NAME] have any form of legal identification? | U3: Which form of legal identification does [NAME] own? Select all that apply. | V3: Please specify the form of legal identification [NAME] owns | W3: CAPI: IS [NAME] 3 YEARS OLD OR OLDER? YES ...... 1 NO ...... 2 ► NEXT PERSON | X3: IS [NAME] ANSWERING FOR HIMSELF/HERSELF? YES ...... 1 ► Q3 NO ...... 2 | Y3: WHO IS RESPONDING FOR [NAME]? | Z3: Can [NAME] read in any language? | AA3: Can [NAME] write in any language? | AB3: Has [NAME] ever attended school? | AC3: What was the main reason [NAME] never attended school? CAPI: AFTER ANSWER ► NEXT PERSON | AD3: What is the highest level of schooling [NAME] has completed? | AE3: What is [NAME]'s highest qualification attained? | AF3: IF LAST COMPLETED SCHOOL YEAR: Did [NAME] attend school during the [LAST COMPLETED] school year? IF CURRENT SCHOOL YEAR: Is [NAME] currently attending school (the 2024/2025 school year)? | AG3: In what level was/is [NAME] attending during the [LAST COMPLETED/CURRENT] school year? | AH3: What kind of organization runs the school that [NAME] attended/is attending during the [LAST COMPLETED/CURRENT] school year? | AI3: Did/does the school follow a formal (government established) curriculum or informal? | AJ3: How does [NAME] mainly go to the school? | AK3: How much time did/does it take [NAME] to get to school? (IN MINUTES) | AL3: What was/is the main reason for [NAME] not attending school during the [LAST COMPLETED/CURRENT] year? | AM3: Does [NAME] have a scholarship/stipend for the [LAST COMPLETED/CURRENT] school year? | AN3: What kind of organization provides scholarship to [NAME] for the [LAST COMPLETED/CURRENT] school year? | AO3: Does [NAME] get free meals at school as part of the school feeding program during the [LAST COMPLETED/CURRENT] school year? | AP3: Does [NAME] receive from NGO, private organizations, other charitable organization the following school supplies free of charge during the [LAST COMPLETED/CURRENT] school year? | AQ3: Does [NAME] receive from the government the following school supplies free of charge during the [LAST COMPLETED/CURRENT] school year? | AR3: During the [LAST COMPLETED/CURRENT] school year, how much did your household spend on [NAME]'s education on the following items?
B4: 1: MALE | C4: 1: HEAD | D4: 1: Abyei | E4: 1: Juba | F4: 1: Ariath | H4: 1: Yes | I4: ="1: Yes -->"&J2 -> 1: Yes -->B10 | J4: 1: Same county | M4: 1: MARRIED (MONOGAMOUS) | N4: 1: Below 10 years | O4: 1: South Sudan | Q4: 1: Abyei | R4: 1: Acholi | T4: 1: Yes | U4: 1: Birth Certificate | Y4: ID CODE | Z4: 1: Yes | AA4: 1: Yes | AB4: ="1: Yes -->"&AD2 -> 1: Yes -->B26 | AC4: 1: Too young | AD4: 1: Preschool | AE4: 1: FSLC | AF4: 1: Yes | AG4: 1: Preschool | AH4: 1: Private religious | AI4: 1: Formal | AJ4: 1: Walking | AK4: Value (in minutes) | AL4: 1: Had enough/completed schooling | AM4: 1: Yes | AN4: 1: Government | AO4: 1: Yes | AP4: 1: Uniforms and/or shoes | AQ4: 1: Uniforms and/or shoes | AR4: Value (in South Sudanese Pounds)
B5: 2: FEMALE | C5: 2: SPOUSE | D5: 2: Upper Nile | E5: 2: Kajo Keji | F5: 2: Malual Centre | H5: ="2: No -->"&I2 -> 2: No -->B9 | I5: 2: No | J5: 2: Another county in the same state in South Sudan | M5: 2: MARRIED (POLYGAMOUS) | N5: 2: 10-12 years | O5: 2: Sudan | Q5: 2: Upper Nile | R5: 2: Aja | T5: 2: No | U5: 2: Nationality certificate | Z5: 2: No | AA5: 2: No | AB5: 2: No | AC5: 2: Too far away | AD5: 2:In the first year of primary school | AE5: 2: MSLC | AF5: ="2: No --> "&AL2 -> 2: No --> B34 | AG5: 2:In the first year of primary school | AH5: 2: Private non-religious | AI5: 2: Informal | AJ5: 2: Bus | AK5: ="- 98: Don't know" -> - 98: Don't know | AL5: 2: Awaiting admission | AM5: 2: No | AN5: 2: School | AO5: 2: No | AP5: 2: Textbooks | AQ5: 2: Textbooks | AR5: ="- 98: Don't know" -> - 98: Don't know
C6: 3: OWN CHILD | D6: 3: Jonglei | E6: 3: Lainya | F6: 3: Malual East | J6: 3: Another state in South Sudan | M6: 3: INFORMAL UNION | N6: 3: 13-15 years | O6: 3: Kenya | Q6: 3: Jonglei | R6: 3: Anuak, Anyuak | T6: -98: Don't know | U6: 3: Identity card | AC6: 3: Too expensive/lack of money | AD6: 3:Primary 1 | AE6: 3: JSS | AG6: 3:Primary 1 | AH6: 3: Public religious | AI6: ="- 98: Don't know" -> - 98: Don't know | AJ6: 3: Bicyle | AK6: ="- 99: Refused to respond" -> - 99: Refused to respond | AL6: 3: Nearby school closed | AM6: ="- 98: Don't know" -> - 98: Don't know | AN6: 3: NGO | AO6: ="- 98: Don't know" -> - 98: Don't know | AP6: 3: Other school supplies | AQ6: 3: Other school supplies | AR6: ="- 99: Refused to respond" -> - 99: Refused to respond
C7: 4: STEP CHILD | D7: 4: Unity | E7: 4: Morobo | F7: 4: Malual North | J7: 4: Outside South Sudan | M7: 4: DIVORCED | N7: 4: 16-18 years | O7: 4: Uganda | Q7: 4: Unity | R7: 4: Atuot | T7: -99: Refused to respond | U7: 4: Driver’s License | AC7: 4: No school available/lack of teachers | AD7: 4:Primary 2 | AE7: 4: SSS 'O Level' | AG7: 4:Primary 2 | AH7: 4: Public non-religious | AI7: ="- 99: Refused to respond" -> - 99: Refused to respond | AJ7: 4: Motorcycle | AL7: 4: School is too far | AM7: ="- 99: Refused to respond" -> - 99: Refused to respond | AN7: 4: Private organization | AO7: ="- 99: Refused to respond" -> - 99: Refused to respond | AP7: ="- 98: Don't know" -> - 98: Don't know | AQ7: ="- 98: Don't know" -> - 98: Don't know
C8: 5: ADOPTED CHILD | D8: 5: Warrap | E8: 5: Terekeka | F8: 5: Malual West | J8: ="- 98: Don't know" -> - 98: Don't know | M8: 5: SEPARATED | N8: 5: 19-21 years | O8: 5: Ethiopia | Q8: 5: Warrap | R8: 5: Atwot, Atuot | U8: 5: Passport | AC8: 5: No schools that offer instruction in the preferred language | AD8: 5:Primary 3 | AE8: 5: A Level | AG8: 5:Primary 3 | AH8: ="- 98: Don't know" -> - 98: Don't know | AJ8: 5: Car | AL8: 5: Lack of teachers | AN8: ="- 96:Other (please specify)" -> - 96:Other (please specify) | AP8: ="- 99: Refused to respond" -> - 99: Refused to respond | AQ8: ="- 99: Refused to respond" -> - 99: Refused to respond
C9: 6: GRANDCHILD | D9: 6: Northern Bahr el Ghazal | E9: 6: Yei | F9: 6: Baach | J9: ="- 99: Refused to respond" -> - 99: Refused to respond | M9: 6: WIDOWED | N9: 6: Above 21 years | O9: 6: Eritrea | Q9: 6: Northern Bahr el Ghazal | R9: 6: Avukaya | U9: 6: Resident's permit | AC9: 6: Working (home or job) | AD9: 6:Primary 4 | AE9: 6: Voc/Comm Certificate | AG9: 6:Primary 4 | AH9: ="- 99: Refused to respond" -> - 99: Refused to respond | AJ9: ="- 96:Other (please specify)" -> - 96:Other (please specify) | AL9: 6: No time | AN9: ="- 98: Don't know" -> - 98: Don't know
C10: 7: BROTHER/SISTER | D10: 7: Western Bahr el Ghazal | E10: 7: Budi | F10: 7: Madhol | M10: 7: NEVER MARRIED | O10: 7: Egypt | Q10: 7: Western Bahr el Ghazal | R10: 7: Azande, Zande | U10: 7: Work permit | AC10: 7: Death of parent/guardian | AD10: 7:Primary 5 | AE10: 7: Voc/Comm Diploma | AG10: 7:Primary 5 | AJ10: ="- 98: Don't know" -> - 98: Don't know | AL10: 7: No interest | AN10: ="- 99: Refused to respond" -> - 99: Refused to respond
C11: 8: NIECE/NEPHEW | D11: 8: Lakes | E11: 8: Ikotos | F11: 8: Malual-bai | M11: ="- 98: Don't know" -> - 98: Don't know | O11: 8: Other Africa | Q11: 8: Lakes | R11: 8: Bai | U11: 8: Visa | AC11: 8: Separation of parents/guardians | AD11: 8:Primary 6 | AE11: 8: NCE/OND Nursing | AG11: 8:Primary 6 | AJ11: ="- 99: Refused to respond" -> - 99: Refused to respond | AL11: 8: Lack of money
C12: 9: BROTHER/SISTER-IN-LAW | D12: 9: Western Equatoria | E12: 9: Kapoeta East | F12: 9: Mangar-tong I | M12: ="- 99: Refused to respond" -> - 99: Refused to respond | O12: 9: India | Q12: 9: Western Equatoria | R12: 9: Baka | U12: 9: Foreign registrations | AC12: 9: Did not have interest | AD12: 9:Primary 7 | AE12: 9: BA/BSC/HND | AG12: 9:Primary 7 | AL12: 9: Marital obligation
C13: 10: PARENT | D13: 10: Central Equatoria | E13: 10: Kapoeta North | F13: 10: Mangok | O13: 10: Lebanon | Q13: 10: Central Equatoria | R13: 10: Balanda Bor | U13: 10: Emergency Travel Permits | AC13: 10: Parents/guardian do not think it is important | AD13: 10:Primary 8 | AE13: 10: Masters | AG13: 10:Primary 8 | AL13: 10: Sickness
C14: 11: PARENT-IN-LAW | D14: 11: Eastern Equatoria | E14: 11: Kapoeta South | F14: 11: Wunlang | O14: 11: China | Q14: 11: Eastern Equatoria | R14: 11: Balanda Viri | U14: 11: Refugee / IDP ID Cards | AC14: 11: Parents/guardian opposed to school | AD14: 11:Intermediate 1 | AE14: 11: PhD/Doctorate | AG14: 11:Intermediate 1 | AL14: 11: Disability
C15: 12: SON-IN-LAW/DAUGHTER-IN-LAW | E15: 12: Lafon\Lopa | F15: 12: Yargot | O15: 12: Japan | Q15: -98: Don't know | R15: 12: Bari | U15: ="-96: Other (Specify) -->"&V2 -> -96: Other (Specify) -->B19_specify | AC15: 12: Illness | AD15: 12:Intermediate 2 | AE15: ="- 96:Other (please specify)" -> - 96:Other (please specify) | AG15: 12:Intermediate 2 | AL15: 12: Separation of parents
C16: 13: DOMESTIC HELP (RESIDENT) | E16: 13: Magwi | F16: 13: Ayai | O16: 13: Australia | Q16: -99: Refused to respond | R16: 13: Binga | U16: -98: Don't know | AC16: 13: Disability | AD16: 13:Intermediate 3 | AG16: 13:Intermediate 3 | AL16: 13: Death of parents
C17: 14: OTHER RELATION | E17: 14: Torit | F17: 14: Nyieth | O17: 14: Europe | R17: 14: Bongo | U17: -99: Refused to respond | AC17: 14: Refugee status | AD17: 14:Secondary 1 | AG17: 14:Secondary 1 | AL17: 14: Too old to attend
C18: 15: OTHER NON-RELATION | E18: 15: Ezo | F18: 15: Panthou | O18: 15: USA/Canada | R18: 15: Boya | AC18: 15: Conflict (militancy/insurgency) | AD18: 15:Secondary 2 | AG18: 15:Secondary 2 | AL18: 15: Domestic obligation
E19: 16: Ibba | F19: 16: Tiar-aleit | O19: 16: Latin America | R19: 16: Burun | AC19: 16: Natural disaster (e.g., flood, drought, etc.) | AD19: 16:Secondary 3 | AG19: 16:Secondary 3 | AL19: 16: Conflict (militancy/insurgency)
E20: 17: Maridi | F20: 17: Wathmuok(Wuthmuok) | O20: ="- 98: Other specify -->"&P2 -> - 98: Other specify -->B16 | R20: 17: Bviri | AC20: ="- 96:Other (please specify)" -> - 96:Other (please specify) | AD20: 17:Secondary 4 | AG20: 17:Secondary 4 | AL20: 17: Pregnancy
E21: 18: Mundri East | F21: 18: Aweil Town | O21: ="- 98: Don't know" -> - 98: Don't know | R21: 18: Didinga | AD21: 18:Secondary 5 | AG21: 18:Secondary 5 | AL21: 18: Too young
E22: 19: Mundri West | F22: 19: Ayat Centre | O22: ="- 99: Refused to respond" -> - 99: Refused to respond | R22: 19: Dinka, Jieeng, Muonyjang | AD22: 19:Secondary 6 | AG22: 19:Secondary 6 | AL22: 19: Natural disaster (e.g., flood, drought, etc.)
E23: 20: Mvolo | F23: 20: Ayat West | R23: 20: Dongotono, Dongotona | AD23: 20:Part of University | AG23: 20:Part of University | AL23: ="- 96:Other (please specify)" -> - 96:Other (please specify)
E24: 21: Nagero | F24: 21: Gomjuer Centre | R24: 21: Donyiro | AD24: 21:University degree | AG24: 21:University degree
E25: 22: Nzara | F25: 22: Gomjuer East | R25: 22: Dukpu | AD25: 22:Diploma | AG25: 22:Diploma
E26: 23: Tambura | F26: 23: Gomjuer West | R26: 23: Feroghe | AD26: 23:Masters degree | AG26: 23:Masters degree
E27: 24: Yambio | F27: 24: Mariem West | R27: 24: Fertit | AD27: 24:PhD | AG27: 24:PhD
E28: 25: Aweil Centre | F28: 25: Achana | R28: 25: Gollo | AD28: 25:Kalwa | AG28: 25:Kalwa
E29: 26: Aweil East | F29: 26: Bhar Mayen | R29: 26: Ifoto | AD29: ="- 96:Other (please specify)" -> - 96:Other (please specify) | AG29: ="- 96:Other (please specify)" -> - 96:Other (please specify)
E30: 27: Aweil North | F30: 27: Raga | R30: 27: Imatong | AD30: ="- 98: Don't know" -> - 98: Don't know
E31: 28: Aweil South | F31: 28: Ringi | R31: 28: Indri | AD31: ="- 99: Refused to respond" -> - 99: Refused to respond
E32: 29: Aweil West | F32: 29: Uyujuku | R32: 29: Jiye
E33: 30: Jur River | F33: 30: Kangi | R33: 30: Jur Beli, Jurbiel, Bel
E34: 31: Raga | F34: 31: Kuajena | R34: 31: Jur Manager
E35: 32: Wau | F35: 32: Marial Bai | R35: 32: Jur Modo
E36: 33: Awerial | F36: 33: Rocrocdong | R36: 33: Jurchol, Jo-Luo, Jur Chol
E37: 34: Cueibet | F37: 34: Udici | R37: 34: Kachipo, Kichepo
E38: 35: Rumbek Centre | F38: 35: Wau Bai | R38: 35: Kakowa
E39: 36: Rumbek East | F39: 36: Bagari | R39: 36: Kakwa
E40: 37: Rumbek North | F40: 37: Besselia | R40: 37: Kaliko
E41: 38: Wulu | F41: 38: Kpaile | R41: 38: Kara
E42: 39: Yirol East | F42: 39: Wau North | R42: 39: Ketebo
E43: 40: Yirol West | F43: 40: Wau South | R43: 40: Kresh
E44: ="-96:Other (specify)" -> -96:Other (specify) | F44: 41: Abiriu | R44: 41: Kuku
E45: -98: Don't know | F45: 42: Citcok | R45: 42: Lango
E46: -99: Refused to respond | F46: 43: Duony | R46: 43: Larim
F47: 44: Malon Pec | R47: 44: Laro
F48: 45: Pagor | R48: 45: Logir
F49: 46: Aloor | R49: 46: Logo
F50: 47: Malueeth | R50: 47: Lokoja
F51: 48: Amongpiny | R51: 48: Lokoya
F52: 49: Jiir | R52: 49: Lopid
F53: 50: Rumbek Centre - Malek | R53: 50: Lopit
F54: 51: Matangai | R54: 51: Lotuko, Lotuka
F55: 52: Bargel | R55: 52: Lugbwara
F56: 53: Domoloto | R56: 53: Lulubo
F57: 54: Makundi | R57: 54: Luo
F58: 55: Akot | R58: 55: Maban
... F98: 95: Mambe | R98: 98: Nuba
F99: 96: Maridi | R99: ="-96: Other (please specify) -->"&S2 -> -96: Other (please specify) -->B17_specify
F100: 97: Ngamunde | R100: -98: Don't know
F101: 98: Bahr El Grindi | R101: -99: Refuse to answer
F102: 99: Mvolo
F103: 100: Kotobi
F104: 101: Mundri
F105: 102: Kediba
F106: 103: Minga
F107: 104: Gameiza
F108: 105: Reggo
F109: 106: Tali
F110: 107: Terekeka
F111: 108: Tombek
F112: 109: Lokiliri
F113: 110: Northern Bari
... F164: 161: Pajok
F165: ="-96:Other (specify)" -> -96:Other (specify)
F166: -98: Don't know
F167: -99: Refused to respond

Sheet Sheet1
A2: B10 | B2: B11 | C2: B12 | D2: B13 | E2: B14 | F2: B15 | G2: B16 | H2: B17 | I2: B18 | J2: B12 | K2: B13 | L2: B14 | M2: B15 | N2: B16 | O2: B17 | P2: B18 | Q2: B19 | R2: B20 | S2: B21 | T2: B22
A3: Has [NAME]'s birth been registered with {the civil authorities, the civil registrar}? | B3: Does [NAME]'s father live in this household? | C3: Which household member is the father of [NAME]? | D3: Is [NAME]'s father alive? | E3: What is/was [NAME]'s father's highest educational level completed? | F3: Does [NAME]'s mother live in this household? | G3: Which household member is the mother of [NAME]? | H3: Is [NAME]'s mother alive? | I3: What is/was [NAME]'s mother's highest educational level completed? | J3: In which month and year did [NAME] join this household? | K3: Why did [NAME] join this household? | L3: In which month and year did [NAME] leave this household? | M3: In which month and year did [NAME] pass away? | N3: What is the address where [NAME] currently resides? | O3: What is the name of the village/town where [NAME] currently resides? | P3: What country did this person move to? | Q3: Did this person move abroad? | R3: Is there a phone number where [NAME] can be reached? | S3: What is the phone number? | T3: Why did [NAME] leave this household?
A4: YES: 1 | B4: YES: 1 | D4: YES: 1 | F4: YES: 1 | H4: YES: 1 | K4: NEW BORN: 1 | Q4: YES: 1 | R4: YES: 1 | T4: DIVORCE/SEPARATION: 1
A5: NO: 2 | B5: NO: 2 | D5: NO: 2 | F5: NO: 2 | H5: NO: 2 | K5: ADOPTED CHILD: 2 | Q5: NO: 2 | R5: NO: 2 | T5: LEFT FOR STUDIES/EDUCATIONAL OPPORTUNITY: 2
H6: DON'T KNOW: 99 | K6: MARRIAGE/COHABITATION: 3 | T6: LEFT FOR WORK: 3
K7: DIVORCE/SEPARATION: 4 | T7: LEFT TO FIND BETTER LAND: 4
K8: RETURNED FROM COLLEGE/UNIV: 5 | T8: HEALTH REASONS: 5
K9: RETURNED FROM INSTITUTION: 6 | T9: THEFT/ROBBERY: 6
K10: MOVED IN WITH PARENT OR RELATIVE: 7 | T10: FOR MARRIAGE/COHABITATION: 7
K11: SHARED ACCOMMODATION: 8 | T11: TO JOIN THEIR FAMILY ALREADY LIVING IN ANOTHER LOCATION: 8
K12: RETURN FROM WORK MIGRATION: 9 | T12: MOVED WITH FAMILY: 9
K13: MISTAKENLY NOT REPORTED OR FORGOTTEN LAST VISIT: 10 | T13: LEFT TO SET UP OWN HOME: 10
K14: FLED PROBLEM AREAS/INTERNALLY DISPLACED PERSONS/CRISIS: 11 | T14: STAYED WITH ORIGINAL HOUSEHOLD: 12
K15: OTHER (SPECIFY): 96 | T15: NEVER BEEN A MEMBER/RECORDED WRONGLY IN PREVIOUS SURVEY: 13
T16: CONFLICT, LOCAL UNREST/VIOLENCE: 14
T17: ENVIRONMENTAL/NATURAL DISASTER (E.G. FLOOD, DROUGHT, HURRICANE, EARTHQUAKE): 16
T18: HUMAN-MADE DISASTER (E.G. FIRE, CHEMICAL OR NUCLEAR DISASTER): 17
T19: HEALTH CRISIS (E.G. EBOLA, MARBURG DISEASE, COVID-19): 18
T20: DECEASED: 11
T21: OTHER (SPECIFY): 96

Sheet Sec - Education_long
A1: Section C: Education
C2: C1 | D2: C2 | E2: C3 | F2: C4 | G2: C5 | H2: C6 | I2: C7 | J2: C8 | K2: C9 | L2: C10 | M2: C11 | N2: C12 | O2: C13 | P2: C14 | Q2: C15 | R2: C16 | S2: C17 | T2: C18 | U2: C19 | V2: C20 | W2: C21
A3: ID CODE | B3: CAPI: IS [NAME] 3 YEARS OLD OR OLDER? YES ...... 1 NO ...... 2 ► NEXT PERSON | C3: IS [NAME] ANSWERING FOR HIMSELF/HERSELF? YES ...... 1 ► Q3 NO ...... 2 | D3: WHO IS RESPONDING FOR [NAME]? | E3: Can [NAME] read in any language? | F3: Can [NAME] write in any language? | G3: Has [NAME] ever attended school? | H3: What was the main reason [NAME] never attended school? CAPI: AFTER ANSWER ► NEXT PERSON | I3: What is the highest level of schooling [NAME] has completed? | J3: What is [NAME]'s highest qualification attained? | K3: IF LAST COMPLETED SCHOOL YEAR: Did [NAME] attend school during the [LAST COMPLETED] school year? IF CURRENT SCHOOL YEAR: Is [NAME] currently attending school (the 2024/2025 school year)? | L3: In what level was/is [NAME] attending during the [LAST COMPLETED/CURRENT] school year? | M3: What kind of organization runs the school that [NAME] attended/is attending during the [LAST COMPLETED/CURRENT] school year? | N3: Did/does the school follow a formal (government established) curriculum or informal? | O3: How does [NAME] mainly go to the school? | P3: How much time did/does it take [NAME] to get to school? (IN MINUTES) | Q3: What was/is the main reason for [NAME] not attending school during the [LAST COMPLETED/CURRENT] year? | R3: Does [NAME] have a scholarship/stipend for the [LAST COMPLETED/CURRENT] school year? | S3: What kind of organization provides scholarship to [NAME] for the [LAST COMPLETED/CURRENT] school year? | T3: Does [NAME] get free meals at school as part of the school feeding program during the [LAST COMPLETED/CURRENT] school year? | U3: Does [NAME] receive from NGO, private organizations, other charitable organization the following school supplies free of charge during the [LAST COMPLETED/CURRENT] school year? | V3: Does [NAME] receive from the government the following school supplies free of charge during the [LAST COMPLETED/CURRENT] school year? | W3: During the [LAST COMPLETED/CURRENT] school year, how much did your household spend on [NAME]'s education on the following items?
A4: 1 | D4: ID CODE | E4: 1: Yes | F4: 1: Yes | G4: ="1: Yes -->"&I2 -> 1: Yes -->C7 | H4: 1: Too young | I4: 1: Preschool | J4: 1: FSLC | K4: 1: Yes | L4: 1: Preschool | M4: 1: Private religious | N4: 1: Formal | O4: 1: Walking | P4: Value (in minutes) | Q4: 1: Had enough/completed schooling | R4: 1: Yes | S4: 1: Government | T4: 1: Yes | U4: 1: Uniforms and/or shoes | V4: 1: Uniforms and/or shoes | W4: Value (in LCU)
A5: …. | E5: 2: No | F5: 2: No | G5: 2: No | H5: 2: Too far away | I5: 2:In the first year of primary school | J5: 2: MSLC | K5: ="2: No --> "&Q2 -> 2: No --> C15 | L5: 2:In the first year of primary school | M5: 2: Private non-religious | N5: 2: Informal | O5: 2: Bus | P5: ="- 98: Don't know" -> - 98: Don't know | Q5: 2: Awaiting admission | R5: 2: No | S5: 2: School | T5: 2: No | U5: 2: Textbooks | V5: 2: Textbooks | W5: ="- 98: Don't know" -> - 98: Don't know
H6: 3: Too expensive/lack of money | I6: 3:Primary 1 | J6: 3: JSS | L6: 3:Primary 1 | M6: 3: Public religious | N6: ="- 98: Don't know" -> - 98: Don't know | O6: 3: Train | P6: ="- 99: Refused to respond" -> - 99: Refused to respond | Q6: 3: Nearby school closed | R6: ="- 98: Don't know" -> - 98: Don't know | S6: 3: NGO | T6: ="- 98: Don't know" -> - 98: Don't know | U6: 3: Other school supplies | V6: 3: Other school supplies | W6: ="- 99: Refused to respond" -> - 99: Refused to respond
H7: 4: No school available/lack of teachers | I7: 4:Primary 2 | J7: 4: SSS 'O Level' | L7: 4:Primary 2 | M7: 4: Public non-religious | N7: ="- 99: Refused to respond" -> - 99: Refused to respond | O7: 4: Bicycle | Q7: 4: School is too far | R7: ="- 99: Refused to respond" -> - 99: Refused to respond | S7: 4: Private organization | T7: ="- 99: Refused to respond" -> - 99: Refused to respond | U7: ="- 98: Don't know" -> - 98: Don't know | V7: ="- 98: Don't know" -> - 98: Don't know
H8: 5: No schools that offer instruction in the preferred language | I8: 5:Primary 3 | J8: 5: A Level | L8: 5:Primary 3 | M8: ="- 98: Don't know" -> - 98: Don't know | O8: 5: Motorcycle | Q8: 5: Lack of teachers | S8: ="- 96:Other (please specify)" -> - 96:Other (please specify) | U8: ="- 99: Refused to respond" -> - 99: Refused to respond | V8: ="- 99: Refused to respond" -> - 99: Refused to respond
H9: 6: Working (home or job) | I9: 6:Primary 4 | J9: 6: Voc/Comm Certificate | L9: 6:Primary 4 | M9: ="- 99: Refused to respond" -> - 99: Refused to respond | O9: 6: Car | Q9: 6: No time | S9: ="- 98: Don't know" -> - 98: Don't know
H10: 7: Death of parent/guardian | I10: 7:Primary 5 | J10: 7: Voc/Comm Diploma | L10: 7:Primary 5 | O10: ="- 96:Other (please specify)" -> - 96:Other (please specify) | Q10: 7: No interest | S10: ="- 99: Refused to respond" -> - 99: Refused to respond
H11: 8: Separation of parents/guardians | I11: 8:Primary 6 | J11: 8: NCE/OND Nursing | L11: 8:Primary 6 | O11: ="- 98: Don't know" -> - 98: Don't know | Q11: 8: Lack of money
H12: 9: Did not have interest | I12: 9:Primary 7 | J12: 9: BA/BSC/HND | L12: 9:Primary 7 | O12: ="- 99: Refused to respond" -> - 99: Refused to respond | Q12: 9: Marital obligation
H13: 10: Parents/guardian do not think it is important | I13: 10:Primary 8 | J13: 10: Masters | L13: 10:Primary 8 | Q13: 10: Sickness
H14: 11: Parents/guardian opposed to school | I14: 11:Intermediate 1 | J14: 11: PhD/Doctorate | L14: 11:Intermediate 1 | Q14: 11: Disability
H15: 12: Illness | I15: 12:Intermediate 2 | J15: ="- 96:Other (please specify)" -> - 96:Other (please specify) | L15: 12:Intermediate 2 | Q15: 12: Separation of parents
H16: 13: Disability | I16: 13:Intermediate 3 | L16: 13:Intermediate 3 | Q16: 13: Death of parents
H17: 14: Refugee status | I17: 14:Secondary 1 | L17: 14:Secondary 1 | Q17: 14: Too old to attend
H18: 15: Conflict (militancy/insurgency) | I18: 15:Secondary 2 | L18: 15:Secondary 2 | Q18: 15: Domestic obligation
H19: 16: Natural disaster (e.g., flood, drought, etc.) | I19: 16:Secondary 3 | L19: 16:Secondary 3 | Q19: 16: Conflict (militancy/insurgency)
H20: ="- 96:Other (please specify)" -> - 96:Other (please specify) | I20: 17:Secondary 4 | L20: 17:Secondary 4 | Q20: 17: Pregnancy
I21: 18:Secondary 5 | L21: 18:Secondary 5 | Q21: 18: Too young
I22: 19:Secondary 6 | L22: 19:Secondary 6 | Q22: 19: Natural disaster (e.g., flood, drought, etc.)
I23: 20:Part of University | L23: 20:Part of University | Q23: ="- 96:Other (please specify)" -> - 96:Other (please specify)
I24: 21:University degree | L24: 21:University degree
I25: 22:Diploma | L25: 22:Diploma
I26: 23:Masters degree | L26: 23:Masters degree
I27: 24:PhD | L27: 24:PhD
I28: 25:Kalwa | L28: 25:Kalwa
I29: ="- 96:Other (please specify)" -> - 96:Other (please specify) | L29: ="- 96:Other (please specify)" -> - 96:Other (please specify)
I30: ="- 98: Don't know" -> - 98: Don't know | L30: Section B: Household Roster
I31: ="- 99: Refused to respond" -> - 99: Refused to respond | L31: Section B: Household Roster

Sheet Section D - Labor
R1: ="TEMPORARY ABSENCE ( "&R3&" - "&W3&" )" -> TEMPORARY ABSENCE ( D14 - D19 ) | Y1: ="JOB SEARCH ( "&Y3&" - "&AH3&" )" -> JOB SEARCH ( D21 - D30 )
A3: FILTER 1 | B3: D1 | C3: D2 | D3: D3 | E3: D4 | F3: D5 | G3: D6 | H3: D7 | I3: D8 | J3: D9 | K3: FILTER 2 | L3: D10 | M3: D11 | N3: D12 | O3: D13 | P3: FILTER 3 | Q3: FILTER 4 | R3: D14 | S3: D15 | T3: D16 | U3: D17 | V3: D18 | W3: D19 | X3: D20 | Y3: D21 | Z3: D22 | AA3: D23 | AB3: D24 | AC3: D25 | AD3: D26 | AE3: D27 | AF3: D28 | AG3: D29 | AH3: D30 | AI3: Filter 5 | AJ3: D31 | AK3: D33 | AL3: D34 | AM3: D35 | AN3: D36 | AO3: D37 | AP3: D38 | AQ3: Filter 6 | AR3: D39 | AS3: D40 | AT3: D41 | AU3: D42 | AV3: D43 | AW3: D44
A4: CAPI/ENUMERATOR: IS [NAME] 15 YEARS OR OLDER? YES ...... 1 NO ...... 2 ► NEXT PERSON | B4: IS [NAME] ANSWERING FOR HIMSELF/HERSELF? YES ...... 1 ► Q3 NO ...... 2 | C4: WHO IS RESPONDING FOR [NAME]? | D4: Last week, that is from Monday [DATE] up to Sunday [DATE], did [NAME] work for someone for pay, for one or more hours? INCLUDE WORK FOR A COMPANY, GOVERNMENT OR SOMEONE THAT IS NOT A MEMBER OF THE HOUSEHOLD. INCLUDES PAID APPRENTICESHIPS AND PAID INTERNSHIPS. | E4: Last week, did [NAME] work in a non-farm household enterprise that [NAME] operates for one or more hours? | F4: Last week, did [NAME] WORK in a non-farm household enterprise that is operated by another household member for one or more hours? | G4: Last week, did [NAME] HELP in a non-farm household enterprise that is operated by another household member for one or more hours? | H4: Last week, did [NAME] work on household farming, livestock, fishing or forestry activities for one or more hours? | I4: Last week, did [NAME] help growing crops in a household farm, raising livestock, fishing or foraging/ hunting for one or more hours? | J4: Thinking about all the products [NAME] worked on, are they intended... READ OPTIONS | K4: =" CAPI/ENUMERATOR: REVIEW QUESTIONS "&D3&", "&E3&", "&F3&", "&G3&", "&H3&", "&I3&""&" : IS THERE ANY YES? YES .... 1 ► "& P3&" if "&H3& "=1 or "&I3&" =1 ► "&Q3&" OTHERWISE NO .... 2" -> CAPI/ENUMERATOR: REVIEW QUESTIONS D3, D4, D5, D6, D7, D8 : IS THERE ANY YES? YES .... 1 ► FILTER 3 if D7=1 or D8 =1 ► FILTER 4 OTHERWISE NO .... 2 | L4: Last week, did [NAME] run or do any kind of business, farming or other activity to generate income including using web-based platforms, or "apps" to work or earn any income, such as Uber or {LIST 1-2 MOST POPULAR APPS IN COUNTRY} ? PLEASE READ: For example: making things for sale, buying or reselling things, provided paid services, growing products, raising animals, catching fish, hunting or foraging for sale. | M4: ="Or, did [NAME] help with the business, farm or paid job of a household member? YES ...... 1 ► "&O3&" NO ...... 2 ► "&P3 -> Or, did [NAME] help with the business, farm or paid job of a household member? YES ...... 1 ► D13 NO ...... 2 ► FILTER 3 | N4: ="Was [NAME]'s work in household farming, livestock, fishing, or forestry activities? YES ...... 1 NO ...... 2 ►"& P3 -> Was [NAME]'s work in household farming, livestock, fishing, or forestry activities? YES ...... 1 NO ...... 2 ►FILTER 3 | O4: Thinking about all the products [NAME] worked on, are they intended... READ OPTIONS | P4: ="CAPI: IS ("& J3&" ==3 | "&J3&" ==4) | ("&O3&" ==3 | "&O3&" ==4)? YES … 1 (FAM) NO … 2 (MARKET)" -> CAPI: IS (D9 ==3 | D9 ==4) | (D13 ==3 | D13 ==4)? YES … 1 (FAM) NO … 2 (MARKET) | Q4: ="CAPI ENTER APPROPRIATE CODE: 1. NO TYPE OF WORK, go to temporary absence "& D3&" == "&E3&" == "&F3&" == "&H3&" == 2 & "&G3&" == "&I3&" == 2 & "&L3&" == "&M3&" == 2 "& " ENTER 1 ► "&R3&" 2. HOUSEHOLD FARM ONLY, go to job search "&P3&" == 1 & "&D3&"=="&E3&"=="&F3&"=="&G3&"==2 ENTER 2 ► "&X3&" 3. WORKED ANY AGRIC FOR MARKET, ANY WAGE, OR ANY NFE go to main occupation"&P3&"==2 | "&D3&" == 1 | "&E3&" == 1 | "&F3&" == 1 |"&G3&" == 1 | "&N3&" == 2 | "&" ENTER 3 ► "&AH3 -> CAPI ENTER APPROPRIATE CODE: 1. NO TYPE OF WORK, go to temporary absence D3 == D4 == D5 == D7 == 2 & D6 == D8 == 2 & D10 == D11 == 2 ENTER 1 ► D14 2. HOUSEHOLD FARM ONLY, go to job search FILTER 3 == 1 & D3==D4==D5==D6==2 ENTER 2 ► D20 3. WORKED ANY AGRIC FOR MARKET, ANY WAGE, OR ANY NFE go to main occupationFILTER 3==2 | D3 == 1 | D4 == 1 | D5 == 1 |D6 == 1 | D12 == 2 | ENTER 3 ► D30 | R4: Does [NAME] not work during the last week? have a job, business or family farm from which he/she was absent last week? | S4: Why did [NAME] not work during the last week? | T4: Including the time that [NAME] has already been absent, will [NAME] return to that same job, business or household farm in three months or less? | U4: During the low or off-season, does [NAME] continue to do some work for that job, business, or household farm? | V4: Was [NAME]'s work in household farming, livestock, fishing or forestry activities? | W4: Thinking about all the products [NAME] worked on, are they intended… READ OPTIONS | X4: During the last four weeks, did [NAME] do anything to find a paid job? | Y4: Or did [NAME] try to start a business? | Z4: What did [NAME] mainly do in the last four weeks to find a paid job or start a business? SELECT UP TO TWO | AA4: For how long has [NAME] been without work and trying to find a job or start a business? | AB4: At present does [NAME] want to work? | AC4: What is the main reason [NAME] did not try to find a paid job or start a business in the last 4 weeks? | AD4: If a job or business opportunity had been available, could [NAME] have started working last week? | AE4: Or could [NAME] start working within the next 2 weeks? | AF4: Why is [NAME] not available to start working? | AG4: Which of the following best describes what [NAME] is mainly doing at present? PLEASE READ ALL OPTIONS ANY ► Q66 | AH4: Last week, that is from Monday [DATE] up to Sunday [DATE], did [NAME] have more than one job or business?
B5: ="1: Yes -->"&D3 -> 1: Yes -->D3 | C5: ID CODE | D5: 1: Yes | E5: 1: Yes | F5: 1: Yes | G5: 1: Yes | H5: 1: Yes | I5: 1: Yes | J5: ="1: Only For Sale ► "& P3 -> 1: Only For Sale ► FILTER 3 | L5: 1: Yes | O5: 1: Only For Sale | R5: 1: Yes | S5: 1: Waiting To Start New Job Or Business | T5: ="1: Yes --> "&V3 -> 1: Yes --> D18 | U5: 1: Yes | V5: 1: Yes | W5: ="1: Only For Sale -- > "&AH3 -> 1: Only For Sale -- > D30 | X5: ="1: Yes --> "&Z3 -> 1: Yes --> D22 | Y5: 1: Yes | Z5: 1: Apply To Prospective Employers For A Paid Job Or Internship | AA5: Less Than 1 Month | AB5: 1: Yes | AC5: 1: Waiting For Results Of A Previous Search | AD5: ="1: Yes --> "&AG3 -> 1: Yes --> D29 | AE5: ="1: Yes --> "&AH3 -> 1: Yes --> D30 | AF5: 1: Awaiting Recall From A Previous Job | AG5: 1: Studying Or Training | AH5: 1: Yes
B6: 2: No | D6: 2: No | E6: 2: No | F6: 2: No | G6: 2: No | H6: 2: No | I6: 2: No | J6: ="2: Mainly For Sale ...... 2 ► "&P3 -> 2: Mainly For Sale ...... 2 ► FILTER 3 | L6: 2: No | O6: 2: Mainly For Sale | R6: ="2: No --> "&X3 -> 2: No --> D20 | S6: ="2: Low Or Off-Season ► "&U3 -> 2: Low Or Off-Season ► D17 | T6: ="2: No --> "&X3 -> 2: No --> D20 | U6: ="2: No --> "&X3 -> 2: No --> D20 | V6: ="2: No --> "&X3 -> 2: No --> D20 | W6: ="2: Mainly For Sale --> "&AH3 -> 2: Mainly For Sale --> D30 | X6: 2: No | Y6: ="2: No --> "&AB3 -> 2: No --> D24 | Z6: 2: Place Or Answer Job Advertisetments | AA6: 1 Month To < 3 Months | AB6: ="2: No --> "&AG3 -> 2: No --> D29 | AC6: 2: Awaiting Recall From A Previous Job | AD6: 2: No | AE6: 2: No | AF6: 2: Waiting For Season To Start | AG6: 2: Engaged In Household Responsibilities | AH6: ="2: No --> "&AJ3 -> 2: No --> D31
J7: 3: Mainly For Household Use | O7: 3: Mainly For Household Use | S7: 3: Shift Work, Flexi Time, Nature Of Work | W7: 3: Mainly For Household Use | Z7: 3: Post/Update Resume On Professional/Social Networking Sites | AA7: 3 Months To < 6 Months | AC7: 3: Waiting For The Season To Start | AF7: 3: In Studies, Training | AG7: 3: Household Farming, Livestock, Fishing, Or Forest Actvities For Household Use
J8: 4: Only For Household Use | O8: 4: Only For Household Use | S8: 4: Vacation, Holidays | W8: 4: Only For Household Use | Z8: 4: Register With Public Employment Service | AA8: 6 Months To < 12 Months | AC8: 4: Waiting To Start New Job Or Business | AF8: 4: Household / Household Responsibilities | AG8: 4: Retired Or Pensioner With A Long Term Illness,
S9: 5: Sickness, Illness, Accident | Z9: 5: Register With A Private Employment Centre/Agency | AA9: 1 Year To < 2 Years | AC9: 5: Tired Of Looking For Jobs, No Jobs In Area | AF9: 5: In Household Farming/ Livestock/Fishing For Household Use | AG9: 5: Injury Or Disability
S10: 6: Maternity, Paternity Leave | Z10: 6: Take Public Service Exam Or Interview | AA10: 2 Years Or More | AC10: 6: No Jobs Matching Skills, Lacks Experience | AF10: 6: Retired, Pensioner | AG10: 6: Doing Volunteering, Community Or Charity Work
S11: 7: Education Leave Or Training | Z11: 7: Take Private Company'S Exam Or Interview | AA11: ="- 98: Don't know" -> - 98: Don't know | AC11: 7: Considered Too Young/Old By Employers | AF11: 7: Own Disability, Injury, Or Illness | AG11: 7: Engaged In Cultural Or Leisure Activities
S12: 8: Other Personal Leave (Care For Household, Civic Duties) | Z12: 8: Seek Help From Relatives, Friends, Others | AA12: ="- 99: Refused to respond" -> - 99: Refused to respond | AC12: 8: In Studies, Training | AF12: 8: Old Age | AG12: 8: Old Age
S13: 9: Temporary Lay Off, No Clients Or Materials, Work Break | Z13: 9: Check At Factories, Work Sites | AC13: 9: Household Responsibilities
S14: 10: Bad Weather, Natural Disaster | Z14: 10: Wait On The Street To Be Recruited | AC14: 10: In Agriculture / Fishing For Household Use
S15: 11: Strike Or Labour Dispute | Z15: 11: Seek Financial Help To Start A Business | AC15: 11: Own Disability, Injury, Illness
S16: 12: Long-Term Disability | Z16: 12: Look For Land/ Building,/Equipment/Materials To Start A Business | AC16: 12: Retired, Pensioner
S17: -96: Other (Specify) | Z17: 13: Developed A Business Plan | AC17: 13: Other Sources Of Income
S18: ="- 98: Don't know" -> - 98: Don't know | Z18: 14: Apply For A Permit Or License To Start A Business | AC18: 14: Old Age
S19: ="- 99: Refused to respond" -> - 99: Refused to respond | Z19: 15: No Second Activity | AC19: -96: Other (Specify)
Z20: -96: Other (Specify) | AC20: ="- 98: Don't know" -> - 98: Don't know
Z21: ="- 98: Don't know" -> - 98: Don't know | AC21: ="- 99: Refused to respond" -> - 99: Refused to respond
Z22: ="- 99: Refused to respond" -> - 99: Refused to respond

Sheet Module C - Employment
B1: C. Labor and employment income | G1: =COUNT(B5:B132) -> 18
A4: Relevance | B4: Q no | C4: Question | D4: Options | E4: Code
B6: 1 | C6: Of your household members, how many members that are 15 and above worked in the last 7 days? Even if they worked for one hour. | D6: /__/__/
A8: =CONCATENATE("If C", B6,">0") -> If C1>0 | B8: =B6+1 -> 2 | C8: How many of which are female? | D8: /__/__/
A10: =CONCATENATE("Ask If Household has children aged below 15") -> Ask If Household has children aged below 15 | B10: =B8+1 -> 3 | C10: Did any children (younger than 15) in the household work in the last 7 days? Even if they worked for one hour. | D10: 1 - Yes | E10: /__/
D11: 2 - No
B13: =B10+1 -> 4 | C13: ="During the past 7 days, did you do any paid or unpaid work?"&CHAR(10)&CHAR(10)&"This could be paid in cash or in-kind, or unpaid for a household business or the business of a household member."&CHAR(10)&CHAR(10)&"This includes working on a farm, working selling something, making handcrafts for sale, washing cars, selling qat, selling meals."&CHAR(10)&CHAR(10)&"If No Skip to Q"&B52 -> During the past 7 days, did you do any paid or unpaid work? This could be paid in cash or in-kind, or unpaid for a household business or the business of a household member. This includes working on a farm, working selling something, making handcrafts for sale, washing cars, selling qat, selling meals. If No Skip to Q10 | D13: 1 - Yes | E13: /__/
A14: =CONCATENATE("If C", B6,">0") -> If C1>0 | D14: 2 - No
A16: =CONCATENATE("If C", B13,"=1") -> If C4=1 | B16: =B13+1 -> 5 | C16: Do you have more than one job or type of work? | D16: 1 - Yes | E16: /__/
D17: 2 - No
A19: =CONCATENATE("If C", B13,"=1") -> If C4=1 | B19: =B16+1 -> 6 | C19: During the past 7 days were you mainly working as: (READ OPTIONS OUT LOUD) | D19: 1 - Wage worker or employee
D20: 2 - Own-account worker or employer (including household enterprises) | E20: /__/
D21: 3 - Unpaid family member
D22: 4 - Other, specify
B24: =B19+1 -> 7 | C24: During the past 7 days what type of sector were you working in? (READ OPTIONS OUT LOUD) | D24: 1 - Private sector
D25: 2 - Public sector/government
D26: 3 - Mixed sector (for example Sudan construction bank, Sudan mobile, Social Fund for Development) | E26: /__/
D27: 4 - Non-governmental organization or civil society organization
D28: 5 - International organization
B30: =B24+1 -> 8 | C30: What is the main economic activity of the enterprise that you work at over the past 7 days? | D30: 1 - Agriculture, forestry and fishing
D31: 2 - Manufacturing, mining and quarrying and other industrial activities
D32: 3 - Construction
D33: 4 - Wholesale and retail trade, transportation and storage, accommodation and food service activities
D34: 5 - Information and communication | E34: /__/__/
D35: 6 - Financial and insurance activities
D36: 7 - Real estate activities
D37: 8 - Professional, scientific, technical, administrative and support service activities
D38: 9 - Public administration and defense, education, human health and social work activities
D39: 10 - Other service activities
B41: =B30+1 -> 9 | C41: What was the main type of job or work that you were doing at this enterprise over the past 7 days? | D41: 1 - Manager
D42: 2 - Professional
D43: 3 - Technicians and associate professional
D44: 4 - Clerical support workers
D45: 5 - Service and sales workers | E45: /__/__/
D46: 6 - Skilled agricultural, forestry and fishery workers
D47: 7 - Skilled Craft and related trades workers
D48: 8 - Skilled Plant and machine operators and assemblers
D49: 9 - Elementary occupations (Cleaners and helpers, Agricultural, forestry and fishery laborers, labourers in mining, construction, manufacturing, and transport, food preparation assistants, Street and related sales and service workers, Refuse workers and other elementary workers)
D50: 10 - Other
A52: =CONCATENATE("If C", B13,"=2") -> If C4=2 | B52: =B41+1 -> 10 | C52: Why are you not currently working? | D52: Business/office closed due to flood damage | E52: 1
D53: Business/office closed due to communal violence | E53: 2
D54: Temporarily laid off due to economic conditions | E54: 3
D55: Displaced/evacuated due to floods | E55: 4
D56: Need to care for displaced family members | E56: 5
D57: Seasonal worker | E57: 6
D58: Not able to reach workplace due to flood damage to roads/infrastructure | E58: 7
D59: Not able to reach workplace due to security concerns | E59: 8
D60: Cannot afford transport costs due to high inflation | E60: 9
D61: No jobs available in the area | E61: 10
D62: Other (please specify) | E62: 96
B64: =B52+1 -> 11 | C64: ="Were you working last year (i.e. 12 months ago)?"&CHAR(10)&CHAR(10)&"If No or Don't Know Skip to Q"&B89 -> Were you working last year (i.e. 12 months ago)? If No or Don't Know Skip to Q15 | D64: 1 - Yes
D65: 2 - No | E65: /__/__/
D66: 98 - Don't know
B68: =B64+1 -> 12 | C68: Last year (i.e., 12 months ago), were you mainly working as: (READ OPTIONS OUT LOUD) | D68: 1 - Wage worker or employee
D69: 2 - Own-account worker or employer (including household enterprises) | E69: /__/
D70: 3 - Unpaid family member
D71: 4 - Other, specify
B73: =B68+1 -> 13 | C73: What was the main economic activity of the enterprise that you worked for last year (i.e. 12 months ago)? | D73: 1 - Agriculture, forestry and fishing
D74: 2 - Manufacturing, mining and quarrying and other industrial activities
D75: 3 - Construction
D76: 4 - Wholesale and retail trade, transportation and storage, accommodation and food service activities
D77: 5 - Information and communication | E77: /__/__/
D78: 6 - Financial and insurance activities
D79: 7 - Real estate activities
D80: 8 - Professional, scientific, technical, administrative and support service activities
D81: 9 - Public administration and defense, education, human health and social work activities
D82: 10 - Other service activities
A84: =CONCATENATE("If C",B68, "=1") -> If C12=1 | B84: =B73+1 -> 14 | C84: What was the status of your job? | D84: 1 - Permanent
D85: 2 - Temporary | E85: /__/
D86: 3 - Seasonal
D87: 4 - Occasional
D88: -
B89: =B84+1 -> 15 | C89: Now, from your household's income sources, can you rank the three most important source? This could include wages, sale of crops, remittances, support from family or friends… SHOULD RECORD THREE IN ORDER OF IMPORTANCE | D89: 1 - Wages
D90: 2 - Profit from non-household based enterprise
D91: 3 - Sale of food crops
D92: 4 - Sale of livestock/animal products
D93: 5 - Sale of food assistance | E93: 1. /__/__/
D94: 6 - Sale of other goods or profit from other household based enterprise (Qat, handicrafts, meals, vegetables, internet services) | E94: 2. /__/__/
D95: 7 - Cash transfers from humanitarian agencies | E95: 3. /__/__/
D96: 8 - International remittances
D97: 9 - National remittances
D98: 10 - Renting of land, buildings or machinery
D99: 11 - Support from family or friends
D100: 12 - Pensions
D101: 13 - Other social benefits
D102: 14 - Begging
D103: 15 - Regular government salary
D104: 16 - Irregular government salary
D105: 17 - Other (specify)
B107: =B89+1 -> 16 | C107: Last year (i.e., 12 months ago), from your household's income sources, can you rank the three most important source? This could include wages, sale of crops, remittances, support from family or friends… SHOULD RECORD THREE IN ORDER OF IMPORTANCE | D107: 1 - Wages
D108: 2 - Profit from non-household based enterprise
D109: 3 - Sale of food crops
D110: 4 - Sale of livestock/animal products
D111: 5 - Sale of food assistance | E111: 1. /__/__/
D112: 6 - Sale of other goods or profit from other household based enterprise (Qat, handicrafts, meals, vegetables, internet services) | E112: 2. /__/__/
D113: 7 - Cash transfers from humanitarian agencies | E113: 3. /__/__/
D114: 8 - International remittances
D115: 9 - National remittances
D116: 10 - Renting of land, buildings or machinery
D117: 11 - Support from family or friends
...

Sheet Module D - Housing and Assets
B2: D1 | C2: D2 | E2: D4 | F2: D5 | G2: D6 | H2: D7 | I2: D8 | J2: D9 | K2: D10 | L2: D11 | R2: D14
B3: What type of shelter is your household currently living in? | C3: 0 | D3: D4 | E3: Does your household own, rent or stay for free in the dwelling that your household currently occupies? | F3: What is the main source of lighting for this household? | G3: What is the main source of energy for cooking in this household? | H3: What is the main type of toilet facility used by this household? | I3: What is the main material of the dwelling floor? | J3: What is the main material of the exterior wall of the dwelling unit? | K3: What is the main material of roof of the dwelling unit? | L3: What is the main source of drinking water for the household? | N3: We will now ask questions about the assets owned by people within the household. | O3: ASSET ID | P3: ASSET NAME | R3: How many of this [ITEM] does your household own? IF NONE RECORD 0 NUMBER OF ITEMS
B4: 1: Tukul | C4: /__/__/ | D4: D5 | E4: 1: Owned | F4: 1: Public electricity | G4: 1: Firewood | H4: 1: Flush or pour/flush toilet | I4: 1: earth / sand | J4: 1: No walls | K4: 1: No roof | L4: 1: Piped into dwelling | O4: 1 | P4: Cars/vehicle | Q4: Family home
B5: 2: Rakooba | E5: 2: Rented | F5: 2: Private electricity (generator) | G5: 2: Charcoal | H5: 2: Pit latrine without a snab or platform | I5: 2: dung | J5: 2: Cane / Palm / Trunks | K5: 2: Thatch / palm leaf | L5: 2: Piped into yard/plot | O5: 2 | P5: Motorcycle | Q5: Other buildings
B6: 3: Improvised shelter (plastic sheet and other materials) | E6: 3: Housing provided as part of work | F6: 3: Gas | G6: 3: Gas | H6: 3: Pit latrine with a slab and platform | I6: 3: wood planks | J6: 3: Dirt | K6: 3: Sod | L6: 3: Piped to neighbor | O6: 3 | P6: Bicycles | Q6: Lands
B7: 4: Permanent Semi/ Concrete building | E7: 4: Free | F7: 4: Paraffin lantern | G7: 4: Electricity | H7: 4: Open hole | I7: 4: palm / bamboo | J7: 4: Bamboo with mud | K7: 4: Rustic mat | L7: 4: Public tap / Standpipe serving not more than 5 households | O7: 4 | P7: Rickshaws | Q7: Machinery Equipment/ Tools
B8: 5: Community building (church, school, etc) | E8: -96: Other (Specify) | F8: 5: Paraffin lamp | G8: 5: Paraffin | H8: 5: Pit VIP (ventilated) toilet | I8: 5: parquet or polished wood | J8: 5: Stone with mud | K8: 5: Palm / bamboo | L8: 5: Public tap / Standpipe serving more than 5 households | O8: 5 | P8: Truck/pickup | Q8: Motorcycle / Bicycles
B9: 6: Communal shelter (used by several households) | E9: -98: Don't know | F9: 6: Firewood | G9: 6: Cow dung | H9: 6: Bucket toilet | I9: 6: vinyl or asphalt strips | J9: 6: Uncovered adobe | K9: 6: Wood planks | L9: 6: Tube well / Borehole | O9: 6 | P9: Boats | Q9: Truck/pickup
B10: 7: No shelter (sleeping in the open) | E10: -99: Refused to respond | F10: 7: Grass | G10: 7: Grass | H10: 7: Plastic bag | I10: 7: ceramic tiles | J10: 7: Plywood | K10: 7: Cardboard | L10: 7: Protected dug well | O10: 7 | P10: Animal-drawn cart | Q10: Cars
B11: 8: Emergency/ transitional shelter by Agency | F11: 8: Candle wax | G11: 8: Biogas | H11: 8: Hanging toilet/latrine | I11: 8: cement | J11: 8: Cardboard | K11: 8: Metal/Tin | L11: 8: Unprotected dug well | O11: 8 | P11: Cattle | Q11: Boats
B12: -96: Other Specify | F12: 9: Solar power | G12: 9: No cooking | H12: 9: Open defecation/Uses the bush | I12: 9: carpet | J12: 9: Reused wood | K12: 9: Wood | L12: 9: Protected spring | O12: 9 | P12: Goats / Sheep | Q12: Animal-drawn cart
B13: 98: Don´t know | F13: 10: Biogas | G13: -96: Other (Specify) | H13: -96: Other (Specify) | I13: 10: plastic sheeting or canvas | J13: 10: Cement | K13: 10: Calamine/Ciment Fiber | L13: 10: Unprotected spring | O13: 10 | P13: Barnyard animals (poultry, rabbits, etc.)
B14: 99: Refused to respond | F14: 11: Torch | G14: -98: Don't know | H14: -98: Don't know | I14: -96: other: specify | J14: 11: Stone with lime / cement | K14: 11: Ceramic tiles | L14: 11: Collected rainwater | O14: 11 | P14: Family home | Q14: Mobile phone
F15: 12: Phone | G15: -99: Refused to respond | H15: -99: Refused to respond | J15: 12: Bricks | K15: 12: Cement | L15: 12: Tanker truck / Water vendor | O15: 12 | P15: Real Estate/Building | Q15: Radio
F16: 13: Car battery | J16: 13: Cement blocks | K16: 13: Roofing shingles | L16: 13: Cart with small tank / Drum | O16: 13 | P16: Lands | Q16: Stove/kanun (traditional)
F17: 14: No lighting | J17: 14: Covered adobe | K17: -96: other: specify | L17: 14: Surface water (shallow well, river, stream, pond, dam, canal) | O17: 14 | P17: Agriculture tools (plough, hoe, maloda, spade, axe, etc.) | Q17: Mattress or bed
J18: 15: Wood planks / Shingles | L18: 15: Bottled water | O18: 15 | P18: Refrigerator | Q18: Mosquito net
F19: 98: Don´t know | J19: 16: Mud bricks | L19: 96: Other (Specify) | O19: 16 | P19: Fan
F20: 99: Refused to respond | J20: -96: other: specify | L20: 98: Don´t know | O20: 17 | P20: Freezer
L21: 99: Refused to respond | O21: 18 | P21: Generator
O22: 19 | P22: Mobile phone
O23: 20 | P23: Radio/transitor
O24: 21 | P24: Television
O25: 22 | P25: Computer or laptop
O26: 23 | P26: Stove/kanun (traditional)
O27: 24 | P27: Grain grinding tool
O28: 25 | P28: Mattress or bed
O29: 26 | P29: Mosquito net

Sheet Module E - Access to services
A1: Module E - Access to services
C3: E1 | D3: E2 | F3: E3 | G3: E4 | H3: E5 | I3: E6
A4: Code | B4: How long does it take to reach the nearest… | C4: Response options | D4: Mode of transport used [Walking, Bicycle, Motorcycle, Car/Taxi, Bus, Other] | F4: During the rainy season, how many days per month is your community typically cut off from the nearest market town? | G4: Where do you usually go to get reliable mobile phone signal? | H4: How long does it take to reach a location with reliable mobile network coverage? (Time in minutes) | I4: Mode of transport used [Walking, Bicycle, Motorcycle, Car/Taxi, Bus, Other, NA]
A7: 1 | B7: Primary school | C7: Enter time in minutes: _____ | G7: 1: Within the dwelling/at home
A8: 2 | B8: Secondary school | C8: -97: No [Facility] accessible | G8: 2: Outside the dwelling/home but within my neighborhood/village
A9: 3 | B9: Health clinic/center | C9: -98: Don't know | G9: 3: Outside the neighborhood/village
A10: 4 | B10: All-weather road | C10: -99: Refused to respond
A11: 5 | B11: Public transport stop/station
A12: 6 | B12: Food market
A13: 7 | B13: Main water source

Sheet Module F -Crop Production
B1: F- Crop production | G1: =COUNT(B6:B121) -> 21
B3: Q no | C3: Question | D3: Options | E3: Code
B6: 1 | C6: Do you or any member of your household use any plots for crop cultivation? | D6: 1- Yes
D7: 2- No | E7: /__/ | F7: =CONCATENATE("IF NO, GO TO NEXT MODULE") -> IF NO, GO TO NEXT MODULE
B8: =B6+1 -> 2 | C8: What type of crops do you or any member of your household grow ….? | E8: 0- No; 1- Yes
D9: 1. Cereals (Sorghum, Corn, Rice, etc.) | E9: /__/
D10: 2. Legumes | E10: /__/
D11: 3. Tubers/Roots | E11: /__/
D12: 4. Cash crop (coffee, cocoa, cotton?) | E12: /__/
D13: 5. Onions/Shallot | E13: /__/
D14: 6. Others (Specify the most important) | E14: /__/
B15: =B8+1 -> 3 | C15: Is your plot of [CROP] small, medium, or large? | F15: =CONCATENATE("Filter based on Q",B8) -> Filter based on Q2
E16: 1- Small (<0.5 ha); 2- Medium (0.5-2.0 ha); 3- Large (>2.0 ha)
D17: 1. Cereals (Sorghum, Corn, Rice, etc.) | E17: /__/
D18: 2. Legumes | E18: /__/
D19: 3. Tubers/Roots | E19: /__/
D20: 4. Cash crop (coffee, cocoa, cotton?) | E20: /__/
D21: 5. Onions/Shallot | E21: /__/
D22: 6. Others | E22: /__/
B23: =B15+1 -> 4 | C23: What do you use [CROP] for? | F23: =CONCATENATE("Filter based on Q",B8) -> Filter based on Q2
E24: 1- Commercial; 2- Subsistence; 3- Other (Specify)
D25: 1. Cereals (Sorghum, Corn, Rice, etc.) | E25: /__/
D26: 2. Legumes | E26: /__/
D27: 3. Tubers/Roots | E27: /__/
D28: 4. Cash crop (coffee, cocoa, cotton?) | E28: /__/
D29: 5. Onions/Shallot | E29: /__/
D30: 6. Others | E30: /__/
B31: =+B23+1 -> 5 | C31: To what extent does your own production suffice to cover your family's food needs? Would you say that it covers 1. less than a quarter, 2. a little less than half, 3. a little more than half, 4. significantly more than half, 5. the entirety.
E32: 1- Less than a quarter, 2- A little less than half, 3. A little more than half, 4. Significantly more than half, 5. Entirety cover our food needs.
D33: 1. Cereals (Sorghum, Corn, Rice, etc.) | E33: /__/
D34: 2. Legumes | E34: /__/
D35: 3. Tubers/Roots | E35: /__/
D36: 4. Cash crop (coffee, cocoa, cotton?) | E36: /__/
D37: 5. Onions/Shallot | E37: /__/
D38: 6. Others | E38: /__/
B39: =B31+1 -> 6 | C39: Do you or any member of your household use … ? | E39: 0- No; 1- Yes
D40: Fertilizers | E40: /__/
D41: Pesticides | E41: /__/
D42: Improved seeds | E42: /__/
D43: Large agricultural equipment (tactors, …) | E43: /__/
D44: Hired labor | E44: /__/
B45: =B39+1 -> 7 | C45: What are the main challenges faced in crop production? | E45: 0- No; 1- Yes
D46: 1- Pests | E46: /__/
D47: 2- Looting/thefts | E47: /__/
D48: 3- Lack of inputs | E48: /__/
D49: 4- Water unavailability | E49: /__/
D50: 5- Drought | E50: /__/
D51: 6- Flood | E51: /__/
D52: 7- Availability of cropland | E52: /__/
D53: 8- Other (Specify) | E53: /__/
B54: =B45+1 -> 8 | C54: Did you or any household member have access to agricultural extension services?
D55: 1- Yes
D56: 2- No | E56: /__/
B57: =B54+1 -> 9 | C57: Did you or any household member have access to credit or financial services?
D58: 1- Yes
D59: 2- No | E59: /__/
B60: =B57+1 -> 10 | C60: Have you or any household member participated in any agricultural training programs?
D61: 1- Yes
D62: 2- No | E62: /__/
B63: =B60+1 -> 11 | C63: In the past few months, did you lose any of your … | E63: 1- Yes; 2- No | F63: =CONCATENATE("Filter based on Q",B8) -> Filter based on Q2
D64: 1. Cereals (Sorghum, Corn, Rice, etc.) | E64: /__/
D65: 2. Legumes | E65: /__/
D66: 3. Tubers/Roots | E66: /__/
D67: 4. Cash crop (coffee, cocoa, cotton?) | E67: /__/
D68: 5. Onions/Shallot | E68: /__/
D69: 6. Others | E69: /__/
B70: =B63+1 -> 12 | C70: What's the main reason why this happen for … | E70: 1- Theft; 2- Looting; 3- Violence; 4- Flooding; 5- Drought; 6-Pests; 9- Other (Specify)
D71: 1. Cereals (Sorghum, Corn, Rice, etc.) | E71: /__/ | F71: =CONCATENATE("Filter based on Q",B63) -> Filter based on Q11
D72: 2. Legumes | E72: /__/
D73: 3. Tubers/Roots | E73: /__/
D74: 4. Cash crop (coffee, cocoa, cotton?) | E74: /__/
D75: 5. Onions/Shallot | E75: /__/
D76: 6. Others | E76: /__/
B77: =B70+1 -> 13 | C77: How often did this happen for … | E77: 1- Very often; 2- Often; 3- Sometimes; 4- Rarely
D78: 1. Cereals (Sorghum, Corn, Rice, etc.) | E78: /__/ | F78: =CONCATENATE("Filter based on Q",B63) -> Filter based on Q11
D79: 2. Legumes | E79: /__/
D80: 3. Tubers/Roots | E80: /__/
D81: 4. Cash crop (coffee, cocoa, cotton?) | E81: /__/
D82: 5. Onions/Shallot | E82: /__/
D83: 6. Others | E83: /__/
B84: =B77+1 -> 14 | C84: ="What share of your household income comes from agricultural products?" &"ASK IF Q" &B23 & " IS NOT 2" -> What share of your household income comes from agricultural products?ASK IF Q4 IS NOT 2
D85: 1- All
D86: 2- More than the half
D87: 3- Around the half | E87: /__/
D88: 4- Less than the half
D89: 5- None
B90: =B84+1 -> 15 | C90: ="How do you mostly sell your agrictultural products? " &"ASK IF Q" &B23 & " IS NOT 2" -> How do you mostly sell your agrictultural products? ASK IF Q4 IS NOT 2
D91: 1- Local markets
D92: 2- Middle men
D93: 3- Direct sales | E93: /__/
D94: 4- Export
D95: 5- Other (Specify)
B96: =B90+1 -> 16 | C96: What challenges do you face in selling agricultural products?ASK IF Q604 IS NOT 2
E97: 1- Yes; 2- No
D98: 1- Distance to market | E98: /__/
D99: 2- Difficulty with transport and logistics | E99: /__/
D100: 3- Prices volatility | E100: /__/
D101: 4- High competition | E101: /__/
D102: 5- Other (Specify) | E102: /__/
B103: =B96+1 -> 17 | C103: Are you aware of the existence of any farmers' association or cooperative?
...

Sheet Module I - Food Prices
A1: Module I: Food Prices
D2: I-1 | E2: I-2 | F2: I-3 | G2: I-4 | H2: I-5
D3: Is [ITEM] available for sale in your community or nearby at the present time? YES...1 NO....2 >> NEXT ITEM | E3: Do you know the price of a KG/L of [ITEM] in your community or nearby? YES...1 NO....2 >> NEXT ITEM | F3: What is the current price for a KG/L for [ITEM] in your community or nearby? Price in South Sudanese Pound | G3: In the last month did the price of [ITEM]… INCREASE.........1 STAY THE SAME....2 DECREASE.........3 | H3: What was the price for a KG/L of [ITEM] last month? IF RESPONDENT DOES NOT KNOW, RECORD "99"
B4: Item code | C4: Item name
B5: 1 | C5: MAIZE (FLOUR)
B6: 2 | C6: RICE
B7: 3 | C7: DRY BEANS
B8: 4 | C8: BEEF, INCLUDING MINCED SAUSAGE
B9: 5 | C9: SUGAR
B10: 6 | C10: COOKING OIL
B11: 7 | C11: SALT
B13: Source: Tanzania High Frequency Welfare Monitoring Phone Survey Round 11 Questionnaire

Sheet Module J - Energy Prices
D2: 1 | E2: 2 | F2: 3 | G2: 4 | H2: 5
D3: Have you or anyone in your household ever bought [FUEL]? YES...1 NO....2 >> NEXT ITEM | E3: When was the last time that you or someone in your household bought [FUEL]? TODAY...............................1 IN THE PAST 7 DAYS..................2 IN THE PAST 30 DAYS, BUT MORE THAN 7 DAYS AGO.....................3 MORE THAN 30 DAYS AGO...............4 >> NEXT ITEM | F3: The last time your household bought [FUEL], how many liters were purchased? | G3: The last time your household bought [FUEL], what was the total amount paid for [QUANTITY IN Q3] liters? Price in South Sudanese Pound | H3: In the last month did the price of [FUEL]… INCREASE.........1 STAY THE SAME....2 DECREASE.........3
B4: Item code | C4: Item name
B5: 1 | C5: Petrol
B6: 2 | C6: Diesel
B7: 3 | C7: LPG
B8: 4 | C8: Kerosene
B13: Source: Tanzania High Frequency Welfare Monitoring Phone Survey Round 11 Questionnaire

Sheet Module J - Transport Prices
A1: Module J: Transport Prices
D2: J1 | E2: J2 | F2: J3 | G2: J4 | H2: J5
D3: In the last month, did you or anyone in your household use any paid transportation service to travel to the/your [DESTINATION]? YES.....1 NO......2 >> NEXT DESTINATION | E3: What was the mode of paid transportation that you used? SCHOOL BUS............1 PUBLIC BUS............2 PRIVATE CAR/VEHICLE...3 PUBLIC CAR/MINIBUS....4 TRAIN.................5 BICYCLE...............6 MOTORCYCLE............7 TRICYCLE/TUKTUK.......8 TAXI..................9 BOAT/CANOE...........10 OTHER (SPECIFY)......11 | F3: How much did you pay in total for transportation using [Q2] in the last trip to the [DESTINATION]? Price in South Sudanese Pound | G3: In the last month did the price of transportation using [Q2]… INCREASE.........1 STAY THE SAME....2 DECREASE.........3
B4: Item code | C4: Item name
B5: 1 | C5: Market
B6: 2 | C6: School
B7: 3 | C7: Job / Work place
B8: 4 | C8: Place of worship
B9: 5 | C9: Health Facility (dispensary, health center, hospital)
B13: Source: Tanzania High Frequency Welfare Monitoring Phone Survey Round 11 Questionnaire

Sheet Module J - Food Security
B1: J. Food Security | G1: =COUNT(B6:B31)+4 -> 13
C3: =2+2 -> 4
A4: Relevance | B4: Q no | C4: Question | D4: Options | E4: Code
F6: Food source codes
B7: 1 | C7: Main food source: Where do you primarily get your food from? | F7: 1 = Own production (crops, animals)
C8: (Insert code from the list below) | F8: 2 = Fishing / Hunting
F9: 3 = Gathering
F10: 4 = Loan
F11: 5 = Market (purchase on cash)
F12: 6 = Market (purchase on credit)
F13: 7 = Beg for food
F14: 8 = Exchange labor or items for food
F15: 9 = Gift (food) from family/relatives
F16: 10= Food aid (NGOs, WFP)
C17: Food Consumption (Past 7 days) For the following questions, please indicate the number of days your household consumed the specified food items in the past 7 days:
B18: =B7+1 -> 2 | C18: Main staple starches, including cereals, grains, tubers and/or roots (such as potatoes, rice, pasta, bread, wheat flour, or other grains/cereals) | E18: Days
B19: =B18+1 -> 3 | C19: Pulses, nuts, and/or seeds (Including beans, fava bean, peas, peanuts, lentils or others) | E19: Days
B21: =B19+1 -> 4 | C21: Vegetables and/or leaves (including carrots, tomatoes, cucumbers, red peppers, pumpkin, kale, jarjir, onions, broccoli, spinach, lettuce or other vegetables) | E21: Days
B23: =B21+1 -> 5 | C23: Fruits (including citrus fruits such as oranges and limes, apricots, apples, dates, tangerine and other fruits) | E23: Days
B25: =B23+1 -> 6 | C25: Meat, eggs and/or fish or other seafood as a main dish, so not as a condiment | E25: Days
B27: =B25+1 -> 7 | C27: In the past 7 days, how many days did your household consume a substantial amount of milk (powdered or fresh) or other dairy products (including yogurt/Kefir, cheese, curd, condensed milk, sour cream or others)? (Excluding butter) | E27: Days
B29: =B27+1 -> 8 | C29: In the past 7 days, how many days did your household eat oil, fat or butter? (Including vegetable oil, palm oil, margarine, other fats / oil) | E29: Days
B31: =B29+1 -> 9 | C31: In the past 7 days, how many days did your household consumed sugar or sweets? (Sugar, honey, jam, cakes, candy, cookies, sugary drinks, other) | E31: Days
B33: 10 | C33: =B33 & "a- During the past 30 days, did anyone in your household have to engage in any following actions due to a lack of food or a lack of money to buy food?" -> 10a- During the past 30 days, did anyone in your household have to engage in any following actions due to a lack of food or a lack of money to buy food? | D33: CODE | F33: =B33 & " b- If no, why?" -> 10 b- If no, why?
F34: 1 = No, because it wasn't necessary
D35: 1= Yes | F35: 2 = No, because I already aplied this strategy i.e (read strategy... ) and I cannot continue to do
D36: 2= No | F36: 3 = N.A. (I did not have animals/Assets in the first place; Not socially acceptable)
D37: 3 = Don't know | F37: 4 = Other (to be precised).
D38: CODE | F38: CODE
C39: 1. Sold household assets/goods (radio, furniture, refrigerator, television, jewelry etc.) | D39: /__/ | F39: /__/
C40: 2. Reduced non-food expenses on health (including drugs) and education | D40: /__/ | F40: /__/
C41: 3. Sold productive assets or means of transport (sewing machine, wheelbarrow, bicycle, car, etc.) | D41: /__/ | F41: /__/
C42: 4. Spent savings | D42: /__/ | F42: /__/
C43: 5. Borrowed money / food from a formal lender / bank | D43: /__/ | F43: /__/
C44: 6. Sold house or land | D44: /__/ | F44: /__/
C45: 7. Withdrew children from school | D45: /__/ | F45: /__/
C46: 9. Begging | D46: /__/ | F46: /__/
C47: 8. Sold last female animals | D47: /__/ | F47: /__/
C48: 9. Sold more animals (non-productive) than usual | D48: /__/ | F48: /__/

Sheet Module M - Social Cohesion
B1: M. Social cohesion | G1: =COUNT(B5:B70) -> 13
B3: Q no | C3: Question | D3: Options | E3: Code
B4: Overall Perception of Country Situation
B5: 1 | C5: In general, how would you describe […]? | E5: 5 - Very good
E6: 4 - Fairly good
E7: 3 - Neither good nor bad
E8: 2 - Fairly bad
E9: 1 - Very bad
E10: 9 - Don't know
D11: A. The present economic conditions of the country? | E11: /__/
D12: B. Your own present living conditions? | E12: /__/
B13: =B5+1 -> 2 | C13: Looking back, how do you rate economic conditions in this country compared to 12 months ago? [Read out options] | D13: Much worse | E13: 1
D14: Worse | E14: 2
D15: Same | E15: 3
D16: Better | E16: 4
D17: Much better | E17: 5
D18: Don’t know [Do not read] | E18: 9
B19: =B13+1 -> 3 | C19: Looking ahead, in 12 months time, do you expect economic conditions in this country to be.... ? [Read out options] | D19: Much worse | E19: 1
D20: Worse | E20: 2
D21: Same | E21: 3
D22: Better | E22: 4
D23: Much better | E23: 5
D24: Don’t know [Do not read] | E24: 9
B25: =B19+1 -> 4 | C25: Looking ahead, in 12 months time, do you expect political stability in this country to be..... ? [Read out options] | D25: Much worse | E25: 1
D26: Worse | E26: 2
D27: Same | E27: 3
D28: Better | E28: 4
D29: Much better | E29: 5
D30: Don’t know [Do not read] | E30: 9
B31: =B25+1 -> 5 | C31: In this village/neighborhood, had there been cases of sexual violence against women in the last 12 months? | E31: Yes | F31: 1
E32: No | F32: 2 | G32: =CONCATENATE("skip to Q",B37) -> skip to Q7
B33: =B31+1 -> 6 | C33: How frequent were these cases of aggression against women? | E33: Infrequent | F33: 1
E34: Somewhat frequent | F34: 2
E35: Frequent | F35: 3
B36: Social Cohesion
B37: =B33+1 -> 7 | C37: To what extent would you agree that there is a sense of unity within your community? | D37: Strongly disagree | E37: 1
D38: Disagree | E38: 2
D39: Neutral | E39: 3
D40: Agree | E40: 4
D41: Strongly agree | E41: 5
B42: =B37+1 -> 8 | C42: Have community events or gatherings increased or decreased in the past 12 months? | D42: Increased | E42: 1
D43: No change | E43: 2
D44: Decreased | E44: 3
B45: =B42+1 -> 9 | C45: How do you think acts of violence have impacted trust among community members? | D45: Increased | E45: 1
D46: No change | E46: 2
D47: Decreased | E47: 3
D48: Not applicable | E48: 9
B49: =B45+1 -> 10 | C49: In the last 12 months, have you experienced or witnessed any discrimination or tension between different ethnic or social groups in your community? | D49: Yes, frequently | E49: 1
D50: Yes, occasionally | E50: 2
D51: No, never | E51: 3
D52: Prefer not to say | E52: 4
B53: =B49+1 -> 11 | C53: Have you ever personally experienced or witnessed acts of mistrust or betrayal within your community (e.g., false accusations, broken agreements)? | D53: Yes, frequently | E53: 1
D54: Yes, occasionally | E54: 2
D55: No, never | E55: 3
D56: Prefer not to say | E56: 4
B57: =B53+1 -> 12 | C57: What are the biggest barriers to unity in your community? (Select all that apply) | E57: 1- Yes 2-No
D58: A - Ethnic or tribal differences | E58: /__/
D59: B - Economic inequality | E59: /__/
D60: C - Political differences | E60: /__/
D61: D - Historical grievances | E61: /__/
D62: E - Lack of leadership or organization | E62: /__/
D63: F - Other (please specify) | E63: /__/
B64: =B57+1 -> 13 | C64: What steps could help build trust and improve cohesion in your community? (Select all that apply) | E64: 1- Yes 2-No
D65: A - Community dialogue and peacebuilding initiatives | E65: /__/
D66: B - Stronger leadership or mediation by trusted figures | E66: /__/
D67: C - Greater economic opportunities | E67: /__/
D68: D - Improved access to services (e.g., education, healthcare) | E68: /__/
D69: E - Increased security and safety measures | E69: /__/
D70: F - Other (please specify) | E70: /__/

Sheet Variables for SWIFT modules
C1: Variable
B2: Urban model
B3: Light: Torch/phone | C3: ='Module D - Housing and Assets'!F2 -> D5
B4: Household size | C4: ='Module B1 - Basic info'!Q2&" + "&'Module B1 - Basic info'!#REF! -> #REF!
B5: Food insecurity: No food to eat | C5: Module L - FIES
B6: Light: No lighting | C6: ='Module D - Housing and Assets'!F2 -> D5
B7: Education: None | C7: ='Module B1 - Basic info'!N2 -> B12
B8: House: Rakooba | C8: ='Module D - Housing and Assets'!B2 -> D1
B9: Education: University | C9: ='Module B1 - Basic info'!N2&" / "&'Module B1 - Basic info'!M2 -> B12 / B11
B10: House: Tukul | C10: ='Module D - Housing and Assets'!B2 -> D1
B12: Rural Model
B13: Light: Paraffin/firewood/gras s/candle | C13: ='Module D - Housing and Assets'!F2 -> D5
B14: Activity: Food assistance/Sale of food assistance | C14: Need clarity from SS do-files
B15: Asset: Motorbike | C15: ='Module D - Housing and Assets'!R2 -> D14
B16: House: Permanent semi/concrete | C16: ='Module D - Housing and Assets'!B2 -> D1
B17: Education: None | C17: ='Module B1 - Basic info'!N2&" / "&'Module B1 - Basic info'!M2 -> B12 / B11
B18: Asset: Stove | C18: ='Module D - Housing and Assets'!R2 -> D14
B19: Asset: Bed | C19: ='Module D - Housing and Assets'!R2 -> D14
B20: Food insecurity: Composite indicator | C20: Module L - FIES
B22: Camp Model
B23: Cooking: Firewood/cow dung/grass/ no cooking | C23: ='Module D - Housing and Assets'!G2 -> D6
B24: Household size | C24: ='Module B1 - Basic info'!Q2&" + "&'Module B1 - Basic info'!#REF! -> #REF!
B25: House: Improvised/ Communal/ emergency | C25: ='Module D - Housing and Assets'!B2 -> D1
B26: Household head: Male | C26: ='Module B1 - Basic info'!K2 -> B9
B27: Asset: Radio | C27: ='Module D - Housing and Assets'!R2 -> D14
B28: Education: Primary | C28: ='Module B1 - Basic info'!N2&" / "&'Module B1 - Basic info'!M2 -> B12 / B11
B29: Asset: Bed | C29: ='Module D - Housing and Assets'!R2 -> D14
